Workbook

Sheet 1三大件主板
A1: 宁乡联众电脑批发三大件及周边产品报价 2024-10-19
A2: 联系电话:0731-87896088 18908486298(彭国强) QQ:553688374 整机批发价: www.jsyzlw.com 手机看更方便
A3: 地址:宁乡县奥通电脑城负一楼 靠河边两空临街门面 免停车取货方便 三大件价格不稳定，做单先询价！
A4: 1. CPU | D4: 2 内存 | G4: 4主板
A5: I3 14100F 国原盒装 | B5: 655 | C5: 质保三年 | D5: 金士顿4G DDR4 2400/2666拆机 | E5: 70 | F5: 3年质保 | G5: 正品湖南行货，质量好售后快！
A6: I5 14600KF | B6: 1365 | C6: 质保三年 | D6: 金士顿8G DDR4 2400拆机 | E6: 78 | F6: 3年质保 | G6: 技嘉A320M-S2H AM4 | H6: 255 | I6: 3年质保
A7: I5 14600K | B7: 1655 | C7: 质保三年 | D7: 金士顿8G DDR4 2666 | E7: 88 | F7: 3年质保 | G7: 技嘉B450 AORUSM 小雕 | H7: 420 | I7: 3年质保
A8: I7 14700KF | B8: 2260 | C8: 质保三年 | D8: 金士顿8G DDR4 3200 | E8: 95 | F8: 3年质保 | G8: 技嘉B650M GAMING WIFI AM5 | H8: 770 | I8: 3年质保
A9: I9 14900KF | B9: 2480 | C9: 质保三年 | D9: 金士顿8G DDR4 3200神条 | E9: 118 | F9: 3年质保 | G9: 技嘉H110M-S2PH LPT COM HDMI PCI | H9: 480 | I9: 3年质保
A10: 英特尔I3 13100F | B10: 520 | C10: 3年散片 | D10: 金士顿8G DDR4 3600神条 | E10: 135 | F10: 3年质保 | G10: 技嘉H310M-D2VX工包 | H10: 380 | I10: 3年质保
A11: 英特尔I3 13100 | B11: 缺货 | C11: 3年散片 | D11: 金士顿16G DDR4 3200 | E11: 139 | F11: 3年质保 | G11: 技嘉B365M-D2VX | H11: 415 | I11: 3年质保
A12: 英特尔I5 13400F | B12: 900 | C12: 3年散片 | D12: 金士顿16G DDR4 3200神条 | E12: 195 | F12: 3年质保 | G12: 技嘉H410M-K 只有HDMI | H12: 360 | I12: 3年质保
A13: 英特尔I5 13400 | B13: 1100 | C13: 3年散片 | D13: 金士顿16G DDR4 3600神条 | E13: 205 | F13: 3年质保 | G13: 技嘉H410M S2 V2 支持WIN7 | H13: 385 | I13: 3年质保
A14: 英特尔I5 13490F 国原盒装 | B14: 1090 | C14: 3年国原 | D14: 金士顿4G/1600 DDRIII拆机 | E14: 18 | F14: 3年拆机 | G14: 技嘉H410M-H V2支持WIN7 | H14: 410 | I14: 3年质保
A15: 英特尔I5 13600KF | B15: 1375 | C15: 3年散片 | D15: 金士顿8G/1600 DDRIII拆机 | E15: 55 | F15: 3年拆机 | G15: 技嘉H510M-H 支持I5 11代 | H15: 425 | I15: 3年质保
A16: 英特尔I5 13700F | B16: 2050 | C16: 3年散片 | D16: 雷克沙-8G 2666 D4 台式机 | E16: 90 | F16: 3年质保 | G16: 技嘉B760M-D2H DDR4 | H16: 610 | I16: 3年质保
A17: 英特尔I7 13700KF | B17: 1990 | C17: 3年散片 | D17: 雷克沙-8G 3200 D4 台式机 | E17: 90 | F17: 终身质保 | G17: 技嘉B760M GAMING AC DDR4带WIFI | H17: 740 | I17: 3年质保
A18: intel-12代-G7400 | B18: 450 | C18: 3年散片 | D18: 雷克沙-16G 3200 D4 台式机 | E18: 150 | F18: 终身质保 | G18: 技嘉B660M-D2H DDR4 | H18: 580 | I18: 3年质保
A19: 酷睿I3 12100 | B19: 623 | C19: 3年散片 | D19: 雷克沙-雷神铠16G 3600 D4 白色马甲条 台式机 | E19: 205 | F19: 终身质保 | G19: 技嘉H610M S2 (VGA) | H19: 440 | I19: 3年质保
A20: 酷睿I3 12100F | B20: 350 | C20: 3年散片 | D20: 雷克沙-雷神铠16G 6000 D5 | E20: 320 | F20: 终身质保 | G20: 技嘉H610M K (HDMI) | H20: 415 | I20: 3年质保
A21: 酷睿12 I5 12400F | B21: 625 | C21: 3年散片 | D21: 雷克沙-战神之刃32G 6800(16G*2) D5灯条 C34 海力士A Die台式机 | E21: 755 | F21: 3年换新 | G21: 技嘉H610M H (HDMI+VGA) | H21: 460 | I21: 3年质保
A22: I5 12400 | B22: 775 | C22: 3年散片 | D22: 昂达 8G DDR3 1600 | E22: 38 | F22: 3年质保 | G22: 技嘉Z790 D DDR5大板 | H22: 1270 | I22: 3年质保
A23: 酷睿12 I5 12400F 国原盒装 | B23: 920 | C23: 质保三年 | D23: 麦光 8G DDR3 1600 笔记本内存 | E23: 55 | F23: 3年质保 | G23: 微星 B150M | H23: 299 | I23: 3年质保
A24: I5-12490F 国原盒装 | B24: 680 | C24: 3年国原 | D24: 3 硬盘 U盘 移动硬盘 | G24: 微星B365M MORTAR迫击炮 | H24: 570 | I24: 3年质保
A25: I5 12600KF | B25: 1040 | C25: 3年散片 | D25: 雷克沙 NS100 128G(2.5寸550M/S) | E25: 90 | F25: 3年换新 | G25: 微星 B365M WIND（HDMI） | H25: 345 | I25: 3年质保
A26: 酷睿12 I7 12700F | B26: 1410 | C26: 3年散片 | D26: 雷克沙 NS100 256G(2.5寸550M/S) 足容量非阉割 | E26: 139 | F26: 3年换新 | G26: 微星 Z370 GAMING PlUS | H26: 795 | I26: 3年质保
A27: 酷睿12 I7 12700 | B27: 1535 | C27: 3年散片 | D27: 雷克沙 NS100 512G(2.5寸550M/S) | E27: 210 | F27: 3年换新 | G27: 微星H610M-E | H27: 445 | I27: 3年质保
A28: 酷睿I7 12700KF | B28: 1450 | C28: 3年散片 | D28: 雷克沙 NM620 Pro 256G M.2 NVME(3300M/S) | E28: 150 | F28: 5年换新 | G28: 微星B760M BOMBER | H28: 630 | I28: 3年质保
D29: 雷克沙 NM620 Pro 512G M.2 NVME(3300M/S) | E29: 235 | F29: 5年换新 | G29: 微星H410M-E(DVI VGA HDMI三接口) | H29: 410 | I29: 3年质保
A30: 酷睿17 12700K | B30: 1535 | C30: 3年散片 | D30: 雷克沙 NM620 Pro 1TB M.2 NVME(3300M/S) | E30: 365 | F30: 5年换新 | G30: 微星H410M BOMBER) | H30: 420 | I30: 3年质保
A31: I9 12900KF 全新 散质保3年 | B31: 1940 | C31: 订货 | G31: 微星H410M PRO-C(DP DVI VGA HDMI四接口) | H31: 435 | I31: 3年质保
A32: 酷睿12 I9 12900K 全新 散质保3年 | B32: 2040 | C32: 订货 | G32: 微星B460M MORTAR WIFI | H32: 510 | I32: 3年质保
A33: 10代赛扬 G5900国原盒装正品 | B33: 198 | C33: 3年散片 | D33: 雷克沙 NQ790 1TB M.2 NVME(PCIe 4.0/7000M/S)电商专供 | E33: 415 | F33: 5年换新 | G33: 微星B450M MORTAR 迫击炮 | H33: 500 | I33: 3年质保
A34: 10代赛扬 G5905 散片 | B34: 230 | C34: 3年散片 | D34: 七彩虹SL300 128G | E34: 78 | F34: 3年换新 | G34: 微星B460M MORTAR 迫击炮 | H34: 500
A35: 10代奔腾 G6405 4.1G国原盒装正品 | B35: 390 | C35: 3年国原 | D35: 七彩虹SL500 360G | E35: 130 | F35: 3年换新 | G35: 华硕圣旗H410M-D3H(支持WIN7) | H35: 415 | I35: 3年质保
A36: 英特尔 G6405 | B36: 375 | C36: 1年散片 | D36: 七彩虹CN256G NVME | E36: 129 | F36: 3年换新 | G36: 华硕圣旗H510M-D3H (DVI+VGA+M.2) | H36: 415 | I36: 3年质保
A37: 英特尔I3-10105F | B37: 353 | C37: 1年散片 | D37: 七彩虹CN512G NVME | E37: 230 | F37: 3年换新 | G37: 华硕圣旗B460M | H37: 450 | I37: 3年质保
A38: 英特尔I3-10105F国原盒装正品 | C38: 3年国原 | D38: 昂达 128G固态硬盘 | E38: 75 | F38: 3年质保 | G38: 华硕圣旗H310M-D3V | H38: 335 | I38: 3年质保
A39: 英特尔I3-10105 | B39: 578 | C39: 1年散片 | D39: 昂达 256G固态硬盘 | E39: 100 | F39: 3年质保 | G39: 华硕H310M-F | H39: 345 | I39: 3年质保
A40: 英特尔I3-10105国原 | B40: 630 | C40: 3年国原 | D40: 昂达 256G固态硬盘 NVME | E40: 115 | F40: 3年质保 | G40: 华硕H510M-K
A41: 英特尔I5-10400F国原盒装 | B41: 555 | C41: 3年国原 | D41: HKC DS600 1T固态硬盘 | F41: 3年质保 | G41: 华硕H610M-K | H41: 520 | I41: 3年质保
A42: 英特尔I5-10400F | B42: 535 | C42: 1年散片 | D42: 三星870 EVO 250G固态硬盘 * | E42: 270 | F42: 3年质保 | G42: 华硕B460M-PLUS WIFI | H42: 545 | I42: 3年质保
A43: 英特尔I5-10600KF | B43: 570 | C43: 1年散片 | D43: 三星870 EVO 500G固态硬盘 * | E43: 360 | F43: 3年质保 | G43: 华硕TUF B660M-PLUS D4重炮手 | H43: 980 | I43: 3年质保
A44: 英特尔I5-10400 | B44: 768 | C44: 1年散片 | D44: 三星980 250G M.2 NVME | E44: 295 | F44: 3年质保 | G44: 七彩虹H81M全固态主板VGA+HDMI | I44: 3年质保
A45: 英特尔I5-10700F 订货 | B45: 1320 | C45: 1年散片 | D45: 三星980 500G M.2 NVME | E45: 390 | F45: 3年质保 | G45: 七彩虹H310M 支持6 7 8 9代CPU | H45: 370 | I45: 3年质保
A46: 英特尔I7-10700KF 订货 | C46: 1年散片 | D46: 三星980 1T M.2 NVME 订货 | E46: 550 | F46: 3年质保 | G46: 七彩虹BATTLE-AX HS10M-E WIFI V20 | H46: 465 | I46: 3年质保
A47: 英特尔I7-10700K | C47: 1年散片 | D47: 三星980PRO 500G M.2 NVME | F47: 3年质保 | G47: 七彩虹H610M-T EVO V20 | H47: 385
A48: 英特尔I7 11700K | B48: 1320 | C48: 1年拆机 | D48: 英特尔660P 512G M.2 NVME * | E48: 255 | F48: 3年质保 | G48: 升技H81M | H48: 225 | I48: 3年质保
A49: INTEL奔腾G4560 3.5G | B49: 21 | C49: 1年拆机 | D49: 金士顿120G假一罚十 | E49: 135 | F49: 3年质保 | G49: 翔升H81M | H49: 265 | I49: 3年质保
A50: INTEL奔腾G5400 | B50: 45 | C50: 1年拆机 | D50: 金士顿240G假一罚十 | E50: 152 | F50: 3年质保 | G50: 精粤H311M | H50: 290 | I50: 3年质保
A51: 英特尔 G5420 | B51: 53 | C51: 1年拆机 | D51: 金士顿480G假一罚十 | E51: 205 | F51: 3年质保 | G51: 影驰H310M战将DDR3 6789代 | H51: 305 | I51: 3年质保
A52: 英特尔 I3 9100 | B52: 235 | C52: 1年拆机 | D52: 金士顿960G假一罚十 | E52: 345 | F52: 3年质保 | G52: 影驰B560M 光影 | I52: 3年质保
A53: 英特尔 I5 9400 | B53: 360 | C53: 1年拆机 | D53: 金士顿NV2 250G M.2 NVME * | E53: 176 | F53: 3年质保 | G53: 影驰H410M 能装WIN7 | H53: 340 | I53: 3年质保
A54: 英特尔 I3 9100F | B54: 138 | C54: 1年散片 | D54: 金士顿NV2 500G M.2 NVME * | E54: 235 | F54: 3年质保 | G54: 影驰H510M | H54: 320 | I54: 3年质保
A55: 英特尔 I5-9400F/2.9G/6核 | B55: 270 | C55: 1年散片 | D55: 金士顿NV2 1T M.2 NVME * | E55: 335 | F55: 3年质保 | G55: 影驰A68M-A | H55: 240 | I55: 3年质保
A56: 英特尔 I5 9600KF 订货 | B56: 310 | C56: 1年散片 | D56: 金士顿NV2 2T M.2 NVME * 订货 | E56: 635 | F56: 3年质保 | G56: 影驰H610M | H56: 385 | I56: 3年质保
A57: 英特尔 赛扬G3900/赛扬G3930 | B57: 8 | C57: 1年拆机 | D57: 金百达KP230 256G NVME | E57: 150 | F57: 3年质保 | G57: 昂达H61C | I57: 3年质保
A58: INTEL 奔腾 G4400 3.3G | B58: 9 | C58: 1年拆机 | D58: 金百达KP230 512G NVME | E58: 240 | F58: 3年质保 | G58: 昂达H81 | H58: 200 | I58: 3年质保
A59: 英特尔 I5 6400 | B59: 188 | C59: 1年拆机 | D59: 金百达KP260 512G NVME | E59: 249 | F59: 3年质保 | G59: 精粤H311M | H59: 290 | I59: 3年质保
A60: 英特尔 I3 7100 | B60: 88 | C60: 1年拆机 | D60: WD SN570 500G NVME M.2 | F60: 3年质保 | G60: 铭宣H110M全固 主板 | I60: 3年质保
A61: 英特尔 I5 7500 | B61: 249 | C61: 1年拆机 | D61: WD 黑盘 SN770 250G M.2 NVME 新品 | F61: 3年质保 | G61: 铭宣H310M主板 | I61: 3年质保
A62: 英特尔 I7 7700 | B62: 405 | C62: 1年拆机 | D62: WD 黑盘 SN770 500G M.2 NVME 新品 | F62: 3年质保 | G62: 移动硬盘
A63: 英特尔 I7 7700K | B63: 540 | C63: 1年拆机 | D63: WD 黑盘 SN770 1TB M.2 NVME 新品 | F63: 3年质保 | G63: WD 1T 原装移动硬盘 | H63: 395 | I63: 3年质保
A64: 英特尔 I3 8100T | B64: 145 | C64: 1年拆机 | D64: 希捷Q5 500G NVME M.2 | F64: 3年质保 | G64: WD 2T 原装移动硬盘 | H64: 495 | I64: 3年质保
A65: 英特尔 I3 8100 | B65: 145 | C65: 1年拆机 | D65: 希捷Q5 1T NVME M.2 | F65: 3年质保 | G65: WD 4T 原装移动硬盘 | I65: 3年质保
A66: 英特尔 I5 8500 | B66: 299 | C66: 1年拆机 | D66: 机械硬盘 （2年质保 ） | G66: ST 1T 原装移动硬盘 | I66: 3年质保
A67: 英特尔 I7 8700 | B67: 600 | C67: 1年拆机 | D67: WD 1TB 硬盘 | E67: 338 | F67: 2年质保 | G67: ST 2T 原装移动硬盘 | I67: 3年质保
A68: 英特尔 I7 8700K | B68: 615 | D68: WD 2TB 硬盘 | E68: 375 | F68: 2年质保
A69: INTEL G3420奔腾双核 | B69: 10 | C69: 1年拆机 | D69: ST 1T 普通盘 | F69: 2年质保
A70: INTEL I3-4150 | B70: 20 | C70: 1年拆机 | D70: ST 2T 普通盘 | F70: 2年质保
A71: INTEL I3-4170 3.7G 1150 | B71: 26 | C71: 1年拆机 | D71: 监控硬盘
A72: INTEL I5 4590 3.3G | B72: 118 | C72: 1年拆机 | D72: ST 1.0TB监控盘 | E72: 328 | F72: 2年质保
A73: INTEL I5 4790 3.6-4.0G | B73: 213 | C73: 1年拆机 | D73: ST 2.0TB监控盘 | E73: 370 | F73: 2年质保
A74: INTEL I5 4790K | C74: 1年拆机 | D74: ST 4T监控盘海康盘 现货价 | E74: 425 | F74: 2年质保
A75: FM2 A4 5300双核 | B75: 8 | C75: 1年拆机 | D75: ST 6T监控盘海康盘 | E75: 715 | F75: 2年质保
A76: FM2 A4 6300双核 | B76: 13 | C76: 1年拆机 | D76: ST 8T 监控盘 订货 | F76: 3年质保
A77: FM2 A8 5600K四核 | B77: 16 | C77: 1年拆机 | D77: ST 10T/VX0004监控 订货 | F77: 2年质保
A78: FM2 A10 5800K四核 | B78: 30 | C78: 1年拆机 | D78: U盘内存卡（金士顿五年保固）
A79: FM2 A8 7670K 3.9G四核 | B79: 60 | C79: 1年拆机 | D79: 金士顿DTX USB3.2 64G | E79: 25
A80: FM2 A10 7700K 3.4-4G四核 | B80: 60 | C80: 1年拆机 | D80: 金士顿DTX USB3.2 128G | E80: 38
A81: AM4 A8 9600四核国原 | B81: 60 | C81: 3年国原 | D81: 金士顿DTX USB3.2 256G | E81: 88
A82: AM4 A10 9700原盒 | B82: 60 | C82: 1年散片 | D82: 金士顿64G内存卡 TF | E82: 28
A83: AM4锐龙Ryzen R3 1200 | B83: 85 | C83: 3年国原 | D83: 金士顿128G内存卡 TF | E83: 49
A84: AM4锐龙Ryzen R5 1400 | B84: 130 | C84: 1年散片 | D84: 金士顿256G内存卡 TF | E84: 102
A85: AM4锐龙Ryzen R5 2400G | B85: 300 | C85: 1年散片 | D85: 闪迪Z73酷铄 USB3.0 32G 金属U盘 | E85: 35
A86: AM4锐龙Ryzen R5 2600X | B86: 230 | C86: 1年散片 | D86: 闪迪Z73酷铄 USB3.0 64G 金属U盘 | E86: 42
A87: AM4锐龙Ryzen R5 3500X 3.6-4.2G | B87: 295 | C87: 1年散片 | D87: 雷克沙64G U盘 | E87: 26
A88: AM4锐龙 Ryzen5 3600 3.6G/32M/65W 六核 | B88: 360 | C88: 1年散片

Sheet 2显示器机箱电源
A1: 5 机箱 | D1: 7显示器 | G1: 8 显卡
A2: 昂达超小机箱 | B2: 50 | C2: 3年质保 | D2: 长城GreatWall 21.5寸 V2243WS | E2: 350 | F2: 3年质保 | G2: 七彩虹GT710 2G (VGA+HDMI+DVI带风扇) | H2: 195 | I2: 3年质保
A3: 微星USB3.0小机箱 | B3: 50 | C3: 3年质保 | D3: 长城GreatWall 23.8寸 24V1 | E3: 395 | F3: 3年质保 | G3: 七彩虹GT730 4G D3黄金版 | I3: 3年质保
A4: 航嘉 百盛 好梦来机箱 | B4: 50 | C4: 3年质保 | D4: 长城23.8寸显示器/241F3HIFJT8 | E4: 410 | F4: 3年质保 | G4: 七彩虹GTX1030 2G | H4: 400 | I4: 3年质保
A5: 航嘉402提手机箱(3个USB接口) | B5: 65 | C5: 3年质保 | D5: 长城GreatWall 27 271F3HIF | E5: 575 | F5: 3年质保 | G5: 七彩虹GTX1030 黄金版 4G | H5: 445 | I5: 3年质保
A6: 航嘉大机箱 | B6: 105 | C6: 3年质保 | D6: HKC P208H 19.5 VGA+HDMI | F6: 3年质保 | G6: 七彩虹GTX1630 4G | I6: 3年质保
A7: USB2.0机箱 | B7: 55 | C7: 3年质保 | D7: HKC V2210 21.5 | E7: 320 | F7: 3年质保 | G7: 七彩虹1650 4G | I7: 3年质保
A8: USB2.0标准机箱 | B8: 57 | C8: 3年质保 | D8: HKC V2411SE 23.8黑色无边框VGA | E8: 375 | F8: 3年质保 | G8: 七彩虹RTX3050 6G 灵动鲨 | H8: 1315 | I8: 3年质保
A9: 长城USB2.0机箱 | B9: 57 | C9: 3年质保 | D9: HKC S24M 23.8无边 VGA+HDMI | E9: 389 | F9: 3年质保 | G9: 七彩虹RTX3050 6G 战斧 | H9: 1325 | I9: 3年质保
A10: 长城USB3.0机箱(3个USB接口) | B10: 63 | C10: 3年质保 | D10: HKC V2412 23.8无边 VGA+HDMI | E10: 389 | F10: 3年质保 | G10: 七彩虹RTX3050 8G 战斧 | H10: 1480 | I10: 3年质保
A11: 长城M50 大机箱(3个USB接口) | B11: 95 | C11: 3年质保 | D11: HKC VG255 SE 100Hz 23.8无边IPS | F11: 3年质保 | G11: 七彩虹RTX3060 8G战斧 订货 | H11: 1780 | I11: 3年质保
A12: AOC 小机箱 | B12: 55 | C12: 3年质保 | D12: HKC C240 23.8曲面 | E12: 445 | F12: 3年质保 | G12: 七彩虹RTX4060 8G战斧 | H12: 2140 | I12: 3年质保
A13: AOC 提手机箱 | B13: 72 | C13: 3年质保 | D13: HKC S2716 27 100Hz无边框 99%高色域 | E13: 530 | F13: 3年质保 | G13: 七彩虹RTX4060 8G战斧豪华版 订货 | H13: 2210 | I13: 3年质保
A14: AOC 标准机箱 | B14: 65 | C14: 3年质保 | D14: HKC V2717M 27 100Hz无边框99%高色域 | E14: 530 | F14: 3年质保 | G14: 七彩虹RTX4060TI 8G | I14: 3年质保
A15: 先马 商英 机箱 | B15: 68 | C15: 3年质保 | D15: HKC IG27 1K 180Hz 27 无边框IPS | E15: 680 | F15: 3年质保 | G15: 七彩虹RTX4060TI 16G | H15: 3290 | I15: 3年质保
A16: 先马工匠5 黑机箱 | B16: 98 | C16: 3年质保 | D16: HKC IG27Q | E16: 735 | F16: 3年质保 | G16: 七彩虹 战斧 RTX4070 豪华版 12GD6 | H16: 4150 | I16: 3年质保
A17: 6 电源 | D17: HKC SG27C 144Hz曲面 | E17: 735 | F17: 3年质保 | G17: 七彩虹RTX4070TiSUPER Ultra w0C(16G) | H17: 6280 | I17: 3年质保
A18: 长城电源 | D18: HKC SG27QC 2K 144Hz曲面 | E18: 920 | F18: 3年质保 | G18: 七彩虹RTX4080SUPER显卡/16G(iGame ultra w 0C) | H18: 9170 | I18: 3年质保
A19: 长城GW-4000SW 额定300W 宽辐 | B19: 125 | C19: 3年质保 | D19: HKC IG27Q NEW2 2K平面 170HZ | E19: 820 | F19: 3年质保 | G19: 影驰GTX1030 4G DDR5 | H19: 480 | I19: 3年质保
A20: 长城ATX-3002 额定220W 宽辐 | B20: 80 | C20: 3年质保 | D20: HKC GX329QN 32曲面2K 144HZ | E20: 1250 | F20: 3年质保 | G20: 影驰GTX1630 4G 现货 | I20: 3年质保
A21: 长城ATX-3000 额定220W 宽辐 | B21: 75 | C21: 3年质保 | D21: AOC E22E1 21.5 | E21: 390 | F21: 3年质保 | G21: 影驰GTX1050 Ti 4G 骁将 订货 | I21: 3年质保
A22: 长城ATX-3002 额定220W 宽辐 | B22: 80 | C22: 3年质保 | D22: AOC 24E11HM(23.8无边)商用显示器 | E22: 440 | F22: 3年质保 | G22: 影驰GTX1650 4G | I22: 3年质保
A23: 长城3000+ 宽幅节能220W-300W | B23: 100 | C23: 3年质保 | D23: AOC 24E10XH 23.8IPS无边框显示器 | E23: 450 | F23: 3年质保 | G23: 影驰RTX3050 6G | H23: 1255 | I23: 3年质保
A24: 长城3600 285W-350W | B24: 125 | C24: 3年质保 | D24: AOC 24E2HM(23.8无边)商用显示器 | E24: 535 | F24: 3年质保 | G24: 影驰RTX3060 12G骁将 | I24: 3年质保
A25: 长城400SD静音大师300W-400W | B25: 125 | C25: 3年质保 | D25: AOC Q27E12 2K 27 无边框 | E25: 785 | F25: 3年质保 | G25: 影驰RTX4060大将 白色双风扇 现货 | I25: 3年质保
A26: 长城4500AD 350W-450W | B26: 140 | C26: 3年质保 | D26: AOC E27E12HM 27无边框显示器 | E26: 560 | F26: 3年质保 | G26: 影驰RTX4060大将 黑色双风扇 现货 | H26: 2080 | I26: 3年质保
A27: 长城500SE 400W-500W | B27: 180 | C27: 3年质保 | D27: 飞利浦21.5(223V5LSB)无边框HDMI+VGA | E27: 435 | F27: 3年质保 | G27: 影驰RTX4070星曜 12G 订货 | I27: 3年质保
A28: 长城GW-600ZN静音 500-600W | B28: 205 | C28: 3年质保 | D28: 飞利浦24E2N1100 | E28: 440 | F28: 3年质保 | G28: 影驰RTX4070TI金属大师 | I28: 3年质保
A29: 长城 GW-6800(90+)额定600W | B29: 399 | C29: 3年质保 | D29: 飞利浦27E2N1100 27寸无边 | E29: 550 | F29: 3年质保 | G29: RTX4090 二十周年纪念版 | I29: 3年质保
A30: 长城额定650W | B30: 280 | C30: 3年质保 | D30: 飞利浦24B2N2100 23.8IPS 100HZ防蓝光认证 | E30: 450 | F30: 3年质保
A31: 长城额定750W | B31: 305 | C31: 3年质保 | D31: 飞利浦27B2N2100 27IPS 100HZ防蓝光认证 | E31: 565 | F31: 3年质保 | G31: 技嘉GT710 2G (VGA+HDMI+DVI带风扇) | H31: 205 | I31: 3年质保
A32: 长城额定650W G6全模组80PLUS铜牌 | B32: 420 | C32: 3年质保 | D32: 飞利浦275S9LRB 27 2K升降旋转屏 | E32: 830 | F32: 3年质保 | G32: 华硕1030 2G DDR5 | I32: 2年质保
A33: 航嘉电源 | C33: 3年质保 | D33: 飞利浦241V8L6 23.6无边框 | E33: 485 | F33: 3年质保 | G33: 华硕TUF-GTX1660S-06G-GAMING | I33: 2年质保
A34: 航嘉宽辐电源 180W-280W | B34: 75 | C34: 3年质保 | D34: 飞利浦241V8L 23.8无边框 | E34: 490 | F34: 3年质保 | G34: 华硕RTX3060 12G | I34: 2年质保
A35: 航嘉冷静王加强版 270W-350W | B35: 135 | C35: 3年质保 | D35: 飞利浦241V8B 23.8无边框IPS 100HZ | E35: 510 | F35: 3年质保 | G35: 2000元显卡一般要订货,当天行情为准 | I35: 2年质保
A36: 航嘉GS400 300W-400W | B36: 128 | C36: 3年质保 | D36: 飞利浦271E1CS 曲面27 | E36: 850 | F36: 3年质保 | G36: 微星710 1G | I36: 2年质保
A37: 航嘉GS500 400W-500W | B37: 170 | C37: 3年质保 | D37: 飞利浦271V8 27无边框 | F37: 3年质保 | G37: 微星GTX1660S 6G | I37: 2年质保
A38: 航嘉GS600 500W-600W | B38: 185 | C38: 3年质保 | D38: 飞利浦271V8B 27无边框 100Hz | E38: 590 | F38: 3年质保 | G38: 微星RX6500XT MECH 2X 4G OC | H38: 995 | I38: 2年质保
A39: 航嘉GS700 600W-700W | B39: 248 | C39: 3年质保 | D39: 飞利浦271E9 27无边框 IPS金属底座 | E39: 820 | F39: 3年质保 | G39: 微星RTX3050 VENTUS 2X 8G OC | I39: 2年质保
A40: 航嘉GS805 650W-750W | B40: 305 | C40: 3年质保 | D40: 飞利浦271V8W 27白色 HDMI无边** | E40: 659 | F40: 3年质保 | G40: GV-N3050GAMING OC-8GD 三风扇 | I40: 2年质保
A41: 冷静王2.3钻石 300W-400W | B41: 165 | C41: 3年质保 | D41: 飞利浦275V8L 27无边框 2K | E41: 795 | F41: 3年质保 | G41: 技嘉RTX3060 12G 三风扇 现货 | I41: 2年质保
A42: 航嘉WD500 500W-600W | B42: 245 | C42: 3年质保 | D42: 飞利浦27M1N3200VL 27 165Hz广色域 | E42: 910 | F42: 3年质保 | G42: 铭鍹GT1050Ti 4G | H42: 735 | I42: 2年质保
A43: 航嘉WD600 600W-700W | B43: 270 | C43: 3年质保 | D43: 飞利浦272M1RZ 165hz平面电竞 | F43: 3年质保 | G43: 华硕RTX3060 12G三风扇 | I43: 2年质保
A44: 普通电源 | B44: 50 | C44: 3年质保 | D44: 飞利浦278E1平面4K显示器 | F44: 3年质保 | G44: 丽台P620 2G盒装正品 | I44: 2年质保
A45: 金河田智能芯330W（230W-330W） | B45: 80 | C45: 3年质保 | D45: 飞利浦322E1GSCZ | F45: 3年质保 | G45: 丽台GTX1650 4G | I45: 2年质保
A46: 技展电源 * | B46: 60 | C46: 3年质保 | D46: 飞利浦279C9 4K | F46: 3年质保 | G46: 圣旗DG1 4G S1显卡 | H46: 550 | I46: 2年质保
A47: 技展小机箱电源 | B47: 75 | C47: 3年质保 | D47: 飞利浦275M1RZ 2K | F47: 3年质保
A48: 技展450 实续功率450W | B48: 90 | C48: 3年质保 | D48: 飞利浦322M7C 32寸电竞144Hz曲面 | F48: 3年质保
A49: 鑫谷战斧400(额定300W) | B49: 120 | C49: 3年质保 | D49: 飞利浦242E1GEZ 165Hz升降电竞 促销 | F49: 3年质保
A50: 鑫谷战斧500(额定400W) | B50: 140 | C50: 3年质保 | D50: 飞利浦242E1GSJ(三边无边 144电竞) | F50: 3年质保
A51: 7 散热器 | D51: 三星S22A310NHC(HDMI+VGA) | E51: 500 | F51: 1年质保
A52: 长城 全平台散热器 | B52: 9 | C52: 1年质保 | D52: 三星F24R35AFHC(HDMI+VGA无边框) | E52: 565 | F52: 1年质保
A53: 长城 霜刃X90 CPU散热器 | B53: 16 | C53: 1年质保 | D53: 三星F24T350FHC(HDMI+VGA无边框) | E53: 655 | F53: 1年质保
A54: 酷冷至尊 飞鹰/三平台 | B54: 17 | C54: 1年质保 | D54: 三星F27T700QQC 27 2K升降旋转 | E54: 1520 | F54: 1年质保
A55: 酷冷至尊 T20热管/三平台 | B55: 40 | C55: 1年质保 | D55: 三星C32G35TFQC 165HZ曲面32寸 | E55: 1450 | F55: 1年质保
A56: 酷冷至尊 暴雪T400 | B56: 85 | C56: 1年质保 | D56: 三星C27R508FHC 曲面 27 | E56: 820 | F56: 1年质保
A57: 玄冰400 | B57: 85 | C57: 1年质保 | D57: 三星C27F391FHC 曲面 27 | E57: 820 | F57: 1年质保
A58: 酷冷至尊 T620S 六热管 | B58: 160 | C58: 1年质保 | D58: 三星S27F350FHC | E58: 820 | F58: 1年质保
A59: 雅浚E1 2热管散热器 | B59: 28 | C59: 1年质保 | D59: 三星S27R356FHC 无边框 | E59: 935 | F59: 1年质保
A60: 雅浚E3 4热管散热器 | B60: 55 | C60: 1年质保 | D60: 优派23.8 VA2430-H-3 无边框V+H | E60: 699 | F60: 3年质保
A61: 9 键盘鼠标
A62: 光电键盘鼠标套装U+U | B62: 35 | C62: 1年质保 | D62: 优派 VA2730 VGA+HDMI 27寸无边框 | E62: 550 | F62: 3年质保
A63: 金河田键盘鼠标套装U+U | B63: 35 | C63: 1年质保 | D63: 此行以下杂牌显示器 质保1年
A64: 富勒无线鼠标 | B64: 35 | C64: 1年质保 | D64: HY-E2108 20.5寸 | F64: 1年质保
A65: 长城键鼠套装 | B65: 35 | C65: 1年质保 | D65: HY-E220A 22寸 | F65: 1年质保
A66: AOC键盘鼠标 | B66: 35 | C66: 1年质保 | D66: HOC 23.8寸 | F66: 1年质保
A67: 双飞燕U+U键鼠套装 | B67: 52 | C67: 1年质保 | D67: 长城视讯24 2K屏 | F67: 1年质保
A68: 双飞燕无线套装 | B68: 83 | C68: 1年质保 | D68: 长城视讯25 IPS无边框 | F68: 1年质保
A69: 富勒巧克力键鼠套（黑、白） | B69: 55 | C69: 1年质保 | D69: 长城视讯27 IPS 2K 无边框 | F69: 1年质保
A70: 罗技MK100键盘鼠标套装 | C70: 1年质保 | D70: 10 音箱
A71: 罗技MK120键盘鼠标套装 | B71: 68 | C71: 1年质保 | D71: 乐放小音箱 | E71: 15 | F71: 半年质保
A72: 罗技K120 USB单键盘 | B72: 43 | C72: 1年质保 | D72: 乐放 单体三色发光白色音箱 | E72: 30 | F72: 半年质保
A73: 罗技LJM90鼠标 | B73: 32 | C73: 1年质保 | D73: 乐放不发光单体音箱 | E73: 25 | F73: 半年质保
A74: 罗技M171无线鼠标 | B74: 55 | C74: 1年质保 | D74: 乐放H2200 | E74: 28 | F74: 半年质保
A75: 雷柏无线键盘鼠标套装 | B75: 63 | C75: 1年质保 | D75: 漫步者101V | E75: 111 | F75: 1年质保
A76: F1鼠标 | B76: 10 | C76: 1年质保 | D76: 漫步者201T06 | E76: 165 | F76: 1年质保

Sheet 3网络设备 
A1: 网络产品型号 | B1: 价格 | C1: 京东价 | D1: 利润 | F1: TP-LINK监控产品
A2: 锐捷RG-EW1300G 5天线双频路由器 全千兆 | B2: 129 | C2: 199 | D2: =C2-B2 -> 70
A3: 锐捷RG-EW3000GX 千兆WIFI6 | B3: 179 | C3: 459 | D3: =C3-B3 -> 280 | F3: TP-LINK TL-IPC43AN-4GE 4G室内摄相头 4G流量卡 | G3: 190
A4: 锐捷RG-EW3000GX PRO | B4: 285 | C4: 499 | D4: =C4-B4 -> 214 | F4: TP-LINK TL-IPC632-A4GE 4G流量卡 | G4: 170
A5: 锐捷 RG-EW3200GX 3200兆双频WIFI6无线路器 8天线 | B5: 369 | C5: 599 | D5: =C5-B5 -> 230 | F5: TP-LINK TL-IPC642-A4GE 4G流量卡 | G5: 188
A6: 锐捷 M18 | B6: 295 | C6: 499 | D6: =C6-B6 -> 204 | F6: TP-LINK TL-IPC683-AEZ 800万双天线室外球机 | G6: 390
A7: 锐捷 RG-EG105GW-E 5天线企业WIFI6路由 带机100台 | B7: 495 | C7: 925 | D7: =C7-B7 -> 430 | E7: 1775M企业级Wi-Fi 6无线网关，金属壳体，共有5个千兆电口（最高支持4WAN接入），支持1000M外网带宽，最大支持100台终端，最大支持无线接入速率1775Mbps，支持802.11a/b/g/n/ac Wave1/Wave2/ax协议，支持睿易APP组网特性，可以与AP自组网漫游 | F7: TP-LINK TL-IPC546F-W4 | G7: 140 | H7: 400W 插卡
A8: 锐捷RG-EG105G V2 铁壳设计，带机量100台，支持600M带宽，5个千兆电口，1个固化WAN口，1个LAN/WAN可切换口，3个固化LAN口，集成AC功能，可管理32台睿易系列AP。 | B8: 252 | C8: 540 | D8: =C8-B8 -> 288 | F8: TP-LINK TL-IPC548M-AI4 DC款全彩星光警戒 | G8: 148 | H8: 400W 插卡 POE
A9: 锐捷RG-ES05 5口百兆塑壳交换机 | B9: 42 | C9: 75 | D9: =C9-B9 -> 33 | F9: TP-LINK TL-IPC548MP-AI4 POE+DC款全彩星光警戒 | G9: 156 | H9: 400W 插卡 POE
A10: 锐捷RG-ES08 8口百兆塑壳交换机 | B10: 58 | C10: 105 | D10: =C10-B10 -> 47 | F10: TL-IPC544E-AI4 400万枪机 对讲款 | G10: 144 | H10: 400W 插卡
A11: 锐捷RG-ES05G 5口千兆塑壳交换机 | B11: 72 | C11: 150 | D11: =C11-B11 -> 78 | F11: TL-IPC544EP-AI4 400万PoE双光警戒网络摄像机 | G11: 152 | H11: 400W 插卡 POE
A12: 锐捷RG-ES08G 8口千兆塑壳交换机 | B12: 105 | C12: 205 | D12: =C12-B12 -> 100 | F12: TP-LINK TL-IPC43CL-4全彩 300W小球室内机 | G12: 110 | H12: 400W 插卡
A13: 锐捷RG-ES105D 5口百兆铁壳交换机 | B13: 58 | C13: 105 | D13: =C13-B13 -> 47 | F13: TP-LINK TL-IPC44CL-4全彩 400W小球室内机 | G13: 120 | H13: 400W 插卡
A14: 锐捷RG-ES108D 8口百兆铁壳交换机 | B14: 73 | C14: 140 | D14: =C14-B14 -> 67 | F14: TP TL-IPC44K全彩摇头机 | G14: 185
A15: 锐捷RG-ES105GD 5口千兆铁壳交换机 | B15: 88 | C15: 190 | D15: =C15-B15 -> 102 | F15: TP-LINK TL-IPC652-A4 500W无线室外球机 | G15: 185 | H15: 500W室外球机
A16: 锐捷RG-ES108GD 8口千兆铁壳交换机 | B16: 119 | C16: 280 | D16: =C16-B16 -> 161 | F16: TP-LINK TL-IPC652P-A4 500W室外球机POE | G16: 185 | H16: 500W室外球机
A17: TL-WDR5666易展版 四天线双频路由器 | B17: 112 | C17: 159 | D17: =C17-B17 -> 47 | E17: 黑色 | F17: TP-LINK TL-IPC642D-A4 400W无线室外球机 | G17: 158 | H17: 400W室外球机
A18: TL-WDR5620易展版 4根天线 | B18: 89 | C18: 129 | D18: =C18-B18 -> 40 | E18: 白色 | F18: TP-LINK TL-IPC642DP-A4 400W室外球机POE | G18: 161 | H18: 400W室外球机 POE
A19: TL-WDR5626千兆易展版 4根天线 | B19: 125 | C19: 159 | D19: =C19-B19 -> 34 | E19: 黑色 | F19: TL-IPC643-A4 400万全彩星光室外双频无线球机 | G19: 255 | H19: 400万全彩星光室外双频无线球机
A20: TL-WDR7661千兆易展版 AC1900 6根天线 | B20: 168 | C20: 219 | D20: =C20-B20 -> 51 | F20: TL-IPC689-A4 双400W摄相头监控枪球一体 | G20: 235 | H20: 无线，全彩 球机
A21: TL-XDR3050易展版 AX3000双频千兆Wi-Fi6路由器 | B21: 238 | C21: 289 | D21: =C21-B21 -> 51 | E21: 陈列天线 | F21: TL-IPC689P-A4 双400W摄相头监控枪球一体 | G21: 240 | H21: 无线，全彩 球机
A22: TL-XDR3068易展Turbo版无线大户型商用路由WIFI6 | B22: 340 | C22: 599 | D22: =C22-B22 -> 259 | E22: 京东价569 | F22: TP-LINK TL-IPC646-A4 400W室外球机 | G22: 345
A23: TP-LINK TL-R473G企业铁路由器 | B23: 215 | C23: 349 | D23: =C23-B23 -> 134 | F23: TP-LINK TL-IPC646P-A4 400W室外POE | G23: 330
A24: TP-LINK TL-R470GP-AC 千兆POE路由器 | B24: 270 | C24: 415 | D24: =C24-B24 -> 145 | E24: 带机15台 | F24: TL-IPC646E-WB4 水滴形黑光球机 | G24: 302
A25: TP-LINK TL-R479GP-AC 千兆POE路由器 | B25: 420 | C25: 669 | D25: =C25-B25 -> 249 | E25: 8口POE供电 | F25: TL-IPC636三目变焦版 10X混合变焦300万 | G25: 498
A26: TP-LINK TL-R476G 千兆路由器 | B26: 305 | C26: 429 | D26: =C26-B26 -> 124 | E26: 带机80-100台 | F26: TL-NVR6108K-L录相机 | G26: 145 | H26: 8路全4K录相机
A27: TL-ER3220G双核多WAN千兆企业路由 | B27: 520 | C27: 699 | D27: =C27-B27 -> 179 | E27: 带机量300台左右 | F27: TL-NVR6108C-B录相机 | G27: 125
A28: TL-ER3200G双核多WAN千兆企业路由 | B28: 375 | E28: 带机量300台左右 | F28: TL-NVR6216-L录相机 16路 2硬盘位 | G28: 265
A29: TP-LINK 3239 （PCI网卡） | B29: 19 | F29: TL-IPC544E-W4 | G29: 132
A30: TP TL-SF1005+ 5口 百M交换机 | B30: 35 | F30: TL-IPC544EP-W4 | G30: 140
A31: TP TL-SF1008+ 8口 百M交换机 | B31: 48 | F31: TL-IPC445EP-W2.8 | G31: 140
A32: TP-LINK TL-SF1005SP 4口塑壳POE交换? | F32: TL-IPC544E-WB4 | G32: 200
A33: TP TL-SG1005+ 5口 千兆交换机 | B33: 55 | F33: TL-IPC544EP-WB4 | G33: 210
A34: TP TL-SG1008+ 8口 千兆交换机 | B34: 77 | F34: TP TL-IPC546MP双目变焦版全彩星光POE枪机TF | G34: 240
A35: TP TL-SG1005M 5口 千兆交换机 | B35: 68 | F35: TL-IPC544T-WBW | G35: 268
A36: TP TL-SG1008M 8口 千兆交换机 | B36: 98 | F36: 水星MIPC3286W-4 | G36: 95
A37: TP TL-SG1005D 5口 千兆铁壳交换机 | B37: 81 | F37: 水星MIPC4286W-4 400万 全彩无线云台球机 TF | G37: 105
A38: TP TL-SG1008D 8口 千兆铁壳交换机 | B38: 105 | F38: 水星MIPC428PW-4 400万 POE全彩云台球机 TF | G38: 105
A39: TL-SF1016D 16口铁壳交换机 | B39: 175 | F39: 水星MIPC424PW-4 400万 POE枪机 | G39: 82
A40: TL-SF1024D 24口铁壳交换机 | B40: 215
A41: TP TL-SG2016D 千兆 16口铁壳交换机 | B41: 302
A42: TP TL-SG2024D 千兆 16口铁壳交换机 | B42: 342 | F42: 铁支架 | G42: 5
A43: TP-LINK TL-SF1005SP POE交换机 | B43: 99 | E43: 5口 POE 40W | F43: 铝支架 | G43: 3
A44: TL-SF1009P PoE交换机 8FE(PoE) | B44: 235 | E44: 8口 POE 57W
A45: TL-SF1009PT PoE交换机 8FE(PoE)共9口 | B45: 265 | E45: 8口 POE 125W
A46: TL-SG1218P 全千兆以太网PoE交换机/16GE(PoE)+2GE | B46: 680 | E46: 16口POE+2 180W
A47: TL-SG2024MP 全千兆Web网管PoE交换机/24GE(PoE) | B47: 850 | E47: 24口POE+2 190W
A48: TP-LINK TL-AP302C-POE 吸顶AP | B48: 128
A49: TL-AP1208GC-PoE/DC AC1200双频无线吸顶式AP | B49: 249
A50: TL-AP1907GC-PoE/DC易展版 AC1900双频千兆无线吸顶式AP | B50: 320
A51: TL-FC111A光纤收发器 | B51: 53 | E51: 成对使用
A52: TL-FC111B光纤收发器 | B52: 53 | E52: 成对使用
A53: TL-FC114B光纤收发器 4个网口 | B53: 58
A54: TP-LINK FC311A-3光纤收发器 千兆 | B54: 74
A55: TP-LINK FC311B-3光纤收发器 千兆 | B55: 74
A56: TP-LINK FC314B-3光纤收发器 千兆 4个网口 | B56: 79
A57: 水星MW325R(4根天线) | B57: 49
A58: 水星UX3 WIFI6 免驱无线网卡) | B58: 19
A59: 水星MW310UH免驱无线网卡 300MB | B59: 27
A60: 水星S116M塑壳 16口百兆桌面
A61: 水星SG116D 铁16口千兆交换机 | B61: 185
A62: 水星SG124D 铁24口千兆交换机 | B62: 215
A63: 讯捷FS05C | B63: 17
A64: 讯捷FS08C 8口交换机 | B64: 22
A65: 讯捷FSG05CP | B65: 85
A66: 讯捷FSG09CP | B66: 140

Sheet 4主机成本表
A1: 本报价表为同行批发报价，零售一律加200-400保修&人工服务费
A2: 12代销量明星机型 | H2: 12代销量明星机型
A3: 产品类别 | B3: 型号 | C3: 单价 | D3: 数量 | E3: 总价 | F3: 保修时间 | H3: 产品类别 | I3: 型号 | J3: 单价 | K3: 数量 | L3: 总价 | M3: 保修时间
A4: CPU | B4: ='1三大件主板'!A19 -> 酷睿I3 12100 | C4: ='1三大件主板'!B19 -> 623 | D4: 1 | E4: =D4*C4 -> 623 | F4: 3年质保 | H4: CPU | I4: =B4 -> 酷睿I3 12100 | J4: =C4 -> 623 | K4: 1 | L4: =J4*K4 -> 623 | M4: 3年质保
A5: 散热器 | B5: ='2显示器机箱电源'!A54 -> 酷冷至尊 飞鹰/三平台 | C5: 17 | D5: 1 | E5: =D5*C5 -> 17 | F5: 3年质保 | H5: 散热器 | I5: ='2显示器机箱电源'!A54 -> 酷冷至尊 飞鹰/三平台 | J5: ='2显示器机箱电源'!B54 -> 17 | K5: 1 | L5: =J5*K5 -> 17 | M5: 3年质保
A6: 内存 | B6: ='1三大件主板'!D8 -> 金士顿8G DDR4 3200 | C6: ='1三大件主板'!E8 -> 95 | D6: 1 | E6: =D6*C6 -> 95 | F6: 3年质保 | H6: 内存 | I6: ='1三大件主板'!D17 -> 雷克沙-8G 3200 D4 台式机 | J6: ='1三大件主板'!E17 -> 90 | K6: 1 | L6: =J6*K6 -> 90 | M6: 3年质保
A7: 固态硬盘 | B7: ='1三大件主板'!D29 -> 雷克沙 NM620 Pro 512G M.2 NVME(3300M/S) | C7: ='1三大件主板'!E29 -> 235 | D7: 1 | E7: =D7*C7 -> 235 | F7: 5年换新 | H7: 固态硬盘 | I7: ='1三大件主板'!D31 -> 0 | J7: ='1三大件主板'!E31 -> 0 | K7: 1 | L7: =J7*K7 -> 0 | M7: 3年质保
A8: 主板 | B8: ='1三大件主板'!G21 -> 技嘉H610M H (HDMI+VGA) | C8: ='1三大件主板'!H21 -> 460 | D8: 1 | E8: =D8*C8 -> 460 | F8: 3年质保 | H8: 主板 | I8: ='1三大件主板'!G19 -> 技嘉H610M S2 (VGA) | J8: ='1三大件主板'!H19 -> 440 | K8: 1 | L8: =J8*K8 -> 440 | M8: 3年质保
A9: 机箱 | B9: USB2.0機箱 | C9: 50 | D9: 1 | E9: 50 | F9: 3年质保 | H9: 机箱 | I9: USB2.0機箱 | J9: 50 | K9: 1 | L9: =J9*K9 -> 50 | M9: 3年质保
A10: 电源 | B10: ='2显示器机箱电源'!A20 -> 长城ATX-3002 额定220W 宽辐 | C10: ='2显示器机箱电源'!B20 -> 80 | D10: 1 | E10: =D10*C10 -> 80 | F10: 3年质保 | H10: 电源 | I10: =B10 -> 长城ATX-3002 额定220W 宽辐 | J10: =C10 -> 80 | K10: 1 | L10: =J10*K10 -> 80 | M10: 3年质保
A11: 显示器 | B11: ='2显示器机箱电源'!D8 -> HKC V2411SE 23.8黑色无边框VGA | C11: ='2显示器机箱电源'!E8 -> 375 | D11: 1 | E11: =D11*C11 -> 375 | F11: 3年质保
A12: 键盘鼠标 | B12: MK100 | C12: 35 | D12: 1 | E12: 35 | F12: 1年质保
A13: 其它 | B13: 电源线+鼠标垫 | E13: 6 | H13: 其它 | I13: 电源线+鼠标垫
B14: 保修&人工服务费 | I14: 保修&人工服务费&税
A15: =TODAY() -> 45584 | B15: 合计 | E15: =SUM(E4:E14) -> 1976 | F15: 元 | H15: =TODAY() -> 45584 | I15: 合计 | L15: =SUM(L4:L14) -> 1300 | M15: 元
A17: 12代001号电脑主机 热销主流家用办公电脑 | H17: 12代002号电脑主机 主流游戏视频处理电脑
A18: 产品类别 | B18: 型号 | C18: 单价 | D18: 数量 | E18: 总价 | F18: 保修时间 | H18: 产品类别 | I18: 型号 | J18: 单价 | K18: 数量 | L18: 总价 | M18: 保修时间
A19: CPU | B19: ='1三大件主板'!A19 -> 酷睿I3 12100 | C19: ='1三大件主板'!B19 -> 623 | D19: 1 | E19: =C19*D19 -> 623 | F19: 3年拆机 | H19: CPU | I19: ='1三大件主板'!A22 -> I5 12400 | J19: ='1三大件主板'!B22 -> 775 | K19: 1 | L19: =J19*K19 -> 775 | M19: 3年质保
A20: 散热器 | B20: ='2显示器机箱电源'!A54 -> 酷冷至尊 飞鹰/三平台 | C20: ='2显示器机箱电源'!B54 -> 17 | D20: 1 | E20: =C20*D20 -> 17 | F20: 3年质保 | H20: 散热器 | I20: 四热管散热器 | J20: 60 | K20: 1 | L20: =J20*K20 -> 60 | M20: 3年质保
A21: 内存 | B21: ='1三大件主板'!D17 -> 雷克沙-8G 3200 D4 台式机 | C21: ='1三大件主板'!E17 -> 90 | D21: 1 | E21: =C21*D21 -> 90 | F21: 3年质保 | H21: 内存 | I21: ='1三大件主板'!D11 -> 金士顿16G DDR4 3200 | J21: ='1三大件主板'!E11 -> 139 | K21: 1 | L21: =J21*K21 -> 139 | M21: 3年质保
A22: 固态硬盘 | B22: ='1三大件主板'!D28 -> 雷克沙 NM620 Pro 256G M.2 NVME(3300M/S) | C22: ='1三大件主板'!E28 -> 150 | D22: 1 | E22: =C22*D22 -> 150 | F22: 3年质保 | H22: 固态硬盘 | I22: ='1三大件主板'!D55 -> 金士顿NV2 1T M.2 NVME * | J22: ='1三大件主板'!E55 -> 335 | K22: 1 | L22: =J22*K22 -> 335 | M22: 3年质保
A23: 主板 | B23: ='1三大件主板'!G56 -> 影驰H610M | C23: ='1三大件主板'!H56 -> 385 | D23: 1 | E23: =C23*D23 -> 385 | F23: 3年质保 | H23: 主板 | I23: ='1三大件主板'!G21 -> 技嘉H610M H (HDMI+VGA) | J23: ='1三大件主板'!H21 -> 460 | K23: 1 | L23: =J23*K23 -> 460 | M23: 3年质保
A24: 机箱 | B24: USB2.0机箱 | C24: 50 | D24: 1 | E24: =C24*D24 -> 50 | F24: 3年质保 | H24: 机箱 | I24: 长城机箱 | J24: 63 | K24: 1 | L24: =J24*K24 -> 63 | M24: 3年质保
A25: 电源 | B25: ='2显示器机箱电源'!A22 -> 长城ATX-3002 额定220W 宽辐 | C25: ='2显示器机箱电源'!B22 -> 80 | D25: 1 | E25: =C25*D25 -> 80 | F25: 3年质保 | H25: 电源 | I25: ='2显示器机箱电源'!A25 -> 长城400SD静音大师300W-400W | J25: ='2显示器机箱电源'!B25 -> 125 | K25: 1 | L25: =J25*K25 -> 125 | M25: 3年质保
A26: 其它 | B26: 电源线+鼠标垫 | E26: 6 | H26: 其它 | I26: 电源线+鼠标垫
B28: 保修&人工服务费 | I28: 保修&人工服务费
A29: =TODAY() -> 45584 | B29: 合计 | E29: =SUM(E19:E28) -> 1401 | F29: 元 | H29: =TODAY() -> 45584 | I29: 合计 | L29: =SUM(L19:L28) -> 1957 | M29: 元
A31: 12代 吃鸡 黑悟空电脑主机 | H31: 12代004号电脑主机 高档英雄联盟主机
A32: 产品类别 | B32: 型号 | C32: 单价 | D32: 数量 | E32: 总价 | F32: 保修时间 | H32: 产品类别 | I32: 型号 | J32: 单价 | K32: 数量 | L32: 总价 | M32: 保修时间
A33: CPU | B33: ='1三大件主板'!A21 -> 酷睿12 I5 12400F | C33: ='1三大件主板'!B21 -> 625 | D33: 1 | E33: =D33*C33 -> 625 | F33: 3年质保 | H33: CPU | I33: ='1三大件主板'!A20 -> 酷睿I3 12100F | J33: ='1三大件主板'!B20 -> 350 | K33: 1 | L33: =J33*K33 -> 350 | M33: 3年质保
A34: 散热器 | B34: 四热管散热器 | C34: 60 | D34: 1 | E34: =C34*D34 -> 60 | F34: 3年质保 | H34: 散热器 | I34: ='2显示器机箱电源'!A54 -> 酷冷至尊 飞鹰/三平台 | J34: ='2显示器机箱电源'!B54 -> 17 | K34: 1 | L34: =J34*K34 -> 17 | M34: 3年质保
A35: 内存 | B35: ='1三大件主板'!D13 -> 金士顿16G DDR4 3600神条 | C35: ='1三大件主板'!E13 -> 205 | D35: 1 | E35: =D35*C35 -> 205 | F35: 3年质保 | H35: 内存 | I35: =B35 -> 金士顿16G DDR4 3600神条 | J35: =C35 -> 205 | K35: 1 | L35: =J35*K35 -> 205 | M35: 3年质保
A36: 固态硬盘 | B36: ='1三大件主板'!D54 -> 金士顿NV2 500G M.2 NVME * | C36: ='1三大件主板'!E54 -> 235 | D36: 1 | E36: =D36*C36 -> 235 | F36: 3年质保 | H36: 固态硬盘 | I36: =B36 -> 金士顿NV2 500G M.2 NVME * | J36: =C36 -> 235 | K36: 1 | L36: =J36*K36 -> 235 | M36: 3年质保
A37: 主板 | B37: ='1三大件主板'!G16 -> 技嘉B760M-D2H DDR4 | C37: ='1三大件主板'!H16 -> 610 | D37: 1 | E37: =D37*C37 -> 610 | F37: 3年质保 | H37: 主板 | I37: =B37 -> 技嘉B760M-D2H DDR4 | J37: =C37 -> 610 | K37: 1 | L37: =J37*K37 -> 610 | M37: 3年质保
A38: 机箱 | B38: 玩嘉侧透机箱 | C38: 98 | D38: 1 | E38: =D38*C38 -> 98 | F38: 3年质保 | H38: 机箱 | I38: =B38 -> 玩嘉侧透机箱 | J38: =C38 -> 98 | K38: 1 | L38: =J38*K38 -> 98 | M38: 3年质保
A39: 电源 | B39: ='2显示器机箱电源'!A30 -> 长城额定650W | C39: ='2显示器机箱电源'!B30 -> 280 | D39: 1 | E39: =D39*C39 -> 280 | F39: 3年质保 | H39: 电源 | I39: ='2显示器机箱电源'!A28 -> 长城GW-600ZN静音 500-600W | J39: ='2显示器机箱电源'!B28 -> 205 | K39: 1 | L39: =J39*K39 -> 205 | M39: 3年质保
A40: 显卡 | B40: ='2显示器机箱电源'!G25 -> 影驰RTX4060大将 白色双风扇 现货 | C40: ='2显示器机箱电源'!H25 -> 0 | D40: 1 | E40: =D40*C40 -> 0 | H40: 显卡 | I40: ='2显示器机箱电源'!G42 -> 铭鍹GT1050Ti 4G | J40: ='2显示器机箱电源'!H42 -> 735 | K40: 1 | L40: =J40*K40 -> 735
A41: 其它 | B41: 电源线+鼠标垫 | E41: 6 | H41: 其它 | I41: 电源线+鼠标垫 | L41: 6
B42: 保修&人工服务费 | I42: 保修&人工服务费
A43: =TODAY() -> 45584 | B43: 合计 | E43: =SUM(E33:E42) -> 2119 | F43: 元 | H43: =TODAY() -> 45584 | I43: 合计 | L43: =SUM(L33:L42) -> 2461 | M43: 元
A45: 12代005号电脑主机 | H45: 12代006号电脑主机 高档英雄联盟主机
A46: 产品类别 | B46: 型号 | C46: 单价 | D46: 数量 | E46: 总价 | F46: 保修时间 | H46: 产品类别 | I46: 型号 | J46: 单价 | K46: 数量 | L46: 总价 | M46: 保修时间
A47: CPU | B47: ='1三大件主板'!A21 -> 酷睿12 I5 12400F | C47: ='1三大件主板'!B21 -> 625 | D47: 1 | E47: =C47*D47 -> 625 | F47: 3年质保 | H47: CPU | I47: =B47 -> 酷睿12 I5 12400F | J47: =C47 -> 625 | K47: 1 | L47: =J47*K47 -> 625 | M47: 3年质保
A48: 散热器 | B48: 四热管散热器 | C48: 60 | D48: 1 | E48: =C48*D48 -> 60 | F48: 3年质保 | H48: 散热器 | I48: =B48 -> 四热管散热器 | J48: =C48 -> 60 | K48: 1 | L48: =J48*K48 -> 60 | M48: 3年质保
A49: 内存 | B49: ='1三大件主板'!D13 -> 金士顿16G DDR4 3600神条 | C49: ='1三大件主板'!E13 -> 205 | D49: 1 | E49: =C49*D49 -> 205 | F49: 3年质保 | H49: 内存 | I49: ='1三大件主板'!D8 -> 金士顿8G DDR4 3200 | J49: ='1三大件主板'!E8 -> 95 | K49: 2 | L49: =J49*K49 -> 190 | M49: 3年质保
A50: 固态硬盘 | B50: ='1三大件主板'!D53 -> 金士顿NV2 250G M.2 NVME * | C50: ='1三大件主板'!E53 -> 176 | D50: 1 | E50: =C50*D50 -> 176 | F50: 3年质保 | H50: 固态硬盘 | I50: ='1三大件主板'!D54 -> 金士顿NV2 500G M.2 NVME * | J50: ='1三大件主板'!E54 -> 235 | K50: 1 | L50: =J50*K50 -> 235 | M50: 3年质保
A51: 主板 | B51: ='1三大件主板'!G41 -> 华硕H610M-K | C51: 520 | D51: 1 | E51: =C51*D51 -> 520 | F51: 3年质保 | I51: WD 1T | J51: 338 | K51: 1 | L51: 338 | M51: 2年质保
A52: 机箱 | B52: 长城USB3.0机箱 | C52: 63 | D52: 1 | E52: =C52*D52 -> 63 | F52: 3年质保 | H52: 主板 | I52: ='1三大件主板'!G27 -> 微星H610M-E | J52: ='1三大件主板'!H27 -> 445 | K52: 1 | L52: =J52*K52 -> 445 | M52: 3年质保
A53: 电源 | B53: ='2显示器机箱电源'!A37 -> 航嘉GS500 400W-500W | C53: ='2显示器机箱电源'!B37 -> 170 | D53: 1 | E53: =C53*D53 -> 170 | F53: 3年质保 | H53: 机箱 | I53: 先马剑魔 | J53: 135 | K53: 1 | L53: =J53*K53 -> 135 | M53: 3年质保
A54: 显卡 | B54: ='2显示器机箱电源'!G23 -> 影驰RTX3050 6G | C54: ='2显示器机箱电源'!H23 -> 1255 | D54: 1 | E54: =C54*D54 -> 1255 | F54: 3年质保 | I54: 机箱风扇 | J54: 20 | K54: 1 | L54: =J54*K54 -> 20 | M54: 1年质保
A55: 其它 | B55: 电源线+鼠标垫 | E55: 6 | H55: 电源 | I55: 技嘉额定550W | J55: 220 | K55: 1 | L55: =J55*K55 -> 220 | M55: 3年质保
H56: 显卡 | I56: ='2显示器机箱电源'!G12 -> 七彩虹RTX4060 8G战斧 | J56: ='2显示器机箱电源'!H12 -> 2140 | K56: 1 | L56: =J56*K56 -> 2140 | M56: 3年质保
H57: 其它 | I57: 电源线+鼠标垫 | L57: 6
B58: 保修&人工服务费 | I58: 保修&人工服务费
A59: =TODAY() -> 45584 | B59: 合计 | E59: =SUM(E47:E58) -> 3080 | F59: 元 | H59: =TODAY() -> 45584 | I59: 合计 | L59: =SUM(L47:L58) -> 4414 | M59: 元
A61: 12代007号电脑主机 | H61: 12代008号电脑主机
A62: 产品类别 | B62: 型号 | C62: 单价 | D62: 数量 | E62: 总价 | F62: 保修时间 | H62: 产品类别 | I62: 型号 | J62: 单价 | K62: 数量 | L62: 总价 | M62: 保修时间
A63: CPU | B63: ='1三大件主板'!A21 -> 酷睿12 I5 12400F | C63: ='1三大件主板'!B21 -> 625 | D63: 1 | E63: =C63*D63 -> 625 | F63: 3年质保 | H63: CPU | I63: =B63 -> 酷睿12 I5 12400F | J63: =C63 -> 625 | K63: 1 | L63: =J63*K63 -> 625 | M63: 3年质保
A64: 散热器 | B64: 四热管散热器 | C64: 60 | D64: 1 | E64: =C64*D64 -> 60 | F64: 3年质保 | H64: 散热器 | I64: =B64 -> 四热管散热器 | J64: =C64 -> 60 | K64: 1 | L64: =J64*K64 -> 60 | M64: 3年质保
A65: 内存 | B65: 金士顿8G 3200 | C65: 127 | D65: 2 | E65: =C65*D65 -> 254 | F65: 3年质保 | H65: 内存 | I65: ='1三大件主板'!D13 -> 金士顿16G DDR4 3600神条 | J65: ='1三大件主板'!E13 -> 205 | K65: 1 | L65: =J65*K65 -> 205 | M65: 3年质保
A66: 固态硬盘 | B66: ='1三大件主板'!D55 -> 金士顿NV2 1T M.2 NVME * | C66: ='1三大件主板'!E55 -> 335 | D66: 1 | E66: =C66*D66 -> 335 | F66: 3年质保 | H66: 固态硬盘 | I66: ='1三大件主板'!D54 -> 金士顿NV2 500G M.2 NVME * | J66: ='1三大件主板'!E54 -> 235 | K66: 1 | L66: =J66*K66 -> 235 | M66: 3年质保
A67: 主板 | B67: ='1三大件主板'!G16 -> 技嘉B760M-D2H DDR4 | C67: ='1三大件主板'!H16 -> 610 | D67: 1 | E67: =C67*D67 -> 610 | F67: 3年质保 | H67: 主板 | I67: ='1三大件主板'!G16 -> 技嘉B760M-D2H DDR4 | J67: ='1三大件主板'!H16 -> 610 | K67: 1 | L67: =J67*K67 -> 610 | M67: 3年质保
A68: 机箱 | B68: 长城USB3.0机箱 | C68: 63 | D68: 1 | E68: =C68*D68 -> 63 | F68: 3年质保 | H68: 机箱 | I68: 侧透机箱 | J68: 100 | K68: 1 | L68: =J68*K68 -> 100 | M68: 3年质保
A69: 电源 | B69: ='2显示器机箱电源'!A30 -> 长城额定650W | C69: ='2显示器机箱电源'!B30 -> 280 | D69: 1 | E69: =C69*D69 -> 280 | F69: 3年质保 | H69: 电源 | I69: ='2显示器机箱电源'!A30 -> 长城额定650W | J69: ='2显示器机箱电源'!B30 -> 280 | K69: 1 | L69: =J69*K69 -> 280 | M69: 3年质保
A70: 显卡 | B70: ='2显示器机箱电源'!G11 -> 七彩虹RTX3060 8G战斧 订货 | C70: ='2显示器机箱电源'!H11 -> 1780 | D70: 1 | E70: =C70*D70 -> 1780 | F70: 3年质保 | H70: 显卡 | I70: ='2显示器机箱电源'!G25 -> 影驰RTX4060大将 白色双风扇 现货 | J70: ='2显示器机箱电源'!H25 -> 0 | K70: 1 | L70: =J70*K70 -> 0 | M70: 3年质保
H71: 显示器 | I71: HKC Sg27c. 1k 180 | J71: 730 | K71: 1 | L71: =J71*K71 -> 730
H72: 键盘鼠标 | I72: MK100 | J72: 35 | K72: 1 | L72: 35
A73: 其它 | B73: 电源线+鼠标垫 | E73: 6 | H73: 其它 | I73: 电源线+鼠标垫 | L73: 6
B74: 保修&人工服务费 | I74: 保修&人工服务费 | L74: 200
A75: =TODAY() -> 45584 | B75: 合计 | E75: =SUM(E63:E74) -> 4013 | F75: 元 | H75: =TODAY() -> 45584 | I75: 合计 | L75: =SUM(L63:L74) -> 3086 | M75: 元
A77: 12代008号电脑主机 | H77: 12代009号电脑主机
A78: 产品类别 | B78: 型号 | C78: 单价 | D78: 数量 | E78: 总价 | F78: 保修时间 | H78: 产品类别 | I78: 型号 | J78: 单价 | K78: 数量 | L78: 总价 | M78: 保修时间
A79: CPU | B79: ='1三大件主板'!A25 -> I5 12600KF | C79: ='1三大件主板'!B25 -> 1040 | D79: 1 | E79: =C79*D79 -> 1040 | F79: 3年拆机 | H79: CPU | I79: ='1三大件主板'!A28 -> 酷睿I7 12700KF | J79: ='1三大件主板'!B28 -> 1450 | K79: 1 | L79: =J79*K79 -> 1450 | M79: 3年拆机
A80: 散热器 | B80: 四热管散热器 | C80: 60 | D80: 1 | E80: =C80*D80 -> 60 | F80: 3年质保 | H80: 散热器 | I80: 长城6热管散热器 | J80: 60 | K80: 1 | L80: =J80*K80 -> 60 | M80: 3年质保
A81: 内存 | B81: ='1三大件主板'!D13 -> 金士顿16G DDR4 3600神条 | C81: ='1三大件主板'!E13 -> 205 | D81: 2 | E81: =C81*D81 -> 410 | F81: 3年质保 | H81: 内存 | I81: ='1三大件主板'!D13 -> 金士顿16G DDR4 3600神条 | J81: ='1三大件主板'!E13 -> 205 | K81: 2 | L81: =J81*K81 -> 410 | M81: 3年质保
A82: 固态硬盘 | B82: ='1三大件主板'!D54 -> 金士顿NV2 500G M.2 NVME * | C82: ='1三大件主板'!E54 -> 235 | D82: 1 | E82: =C82*D82 -> 235 | F82: 3年质保 | H82: 固态硬盘 | I82: ='1三大件主板'!D55 -> 金士顿NV2 1T M.2 NVME * | J82: ='1三大件主板'!E55 -> 335 | K82: 1 | L82: =J82*K82 -> 335 | M82: 3年质保
A83: 主板 | B83: ='1三大件主板'!G16 -> 技嘉B760M-D2H DDR4 | C83: ='1三大件主板'!H16 -> 610 | D83: 1 | E83: =C83*D83 -> 610 | F83: 3年质保 | H83: 主板 | I83: ='1三大件主板'!G16 -> 技嘉B760M-D2H DDR4 | J83: ='1三大件主板'!H16 -> 610 | K83: 1 | L83: =J83*K83 -> 610 | M83: 3年质保
A84: 机箱 | B84: USB2.0机箱 | C84: 55 | D84: 1 | E84: =C84*D84 -> 55 | F84: 3年质保 | H84: 机箱 | I84: 先马剑魔 | J84: 135 | K84: 1 | L84: =J84*K84 -> 135 | M84: 3年质保
A85: 电源 | B85: ='2显示器机箱电源'!A38 -> 航嘉GS600 500W-600W | C85: ='2显示器机箱电源'!B38 -> 185 | D85: 1 | E85: =C85*D85 -> 185 | F85: 3年质保 | H85: 电源 | I85: ='2显示器机箱电源'!A31 -> 长城额定750W | J85: 295 | K85: 1 | L85: =J85*K85 -> 295 | M85: 3年质保
A86: 显卡 | B86: ='2显示器机箱电源'!G9 -> 七彩虹RTX3050 6G 战斧 | C86: ='2显示器机箱电源'!H9 -> 1325 | D86: 1 | E86: =C86*D86 -> 1325 | F86: 3年质保 | H86: 显卡 | I86: 七彩虹RTX3060显卡/8G(战斧DU0/双风) | J86: 1790 | K86: 1 | L86: =J86*K86 -> 1790 | M86: 3年质保
A87: 其它 | B87: 电源线+鼠标垫 | E87: 6 | H87: 其它 | I87: 电源线+鼠标垫 | L87: 6
B88: 保修&人工服务费 | I88: 保修&人工服务费
A89: =TODAY() -> 45584 | B89: 合计 | E89: =SUM(E79:E88) -> 3926 | F89: 元 | H89: =TODAY() -> 45584 | I89: 合计 | L89: =SUM(L79:L88) -> 5091 | M89: 元
A91: 10代001号电脑主机 | H91: 10代002号电脑主机
A92: 产品类别 | B92: 型号 | C92: 单价 | D92: 数量 | E92: 总价 | F92: 保修时间 | H92: 产品类别 | I92: 型号 | J92: 单价 | K92: 数量 | L92: 总价 | M92: 保修时间
A93: CPU | B93: ='1三大件主板'!A41 -> 英特尔I5-10400F国原盒装 | C93: ='1三大件主板'!B41 -> 555 | D93: 1 | E93: =D93*C93 -> 555 | F93: 3年质保 | H93: CPU | I93: ='1三大件主板'!A37 -> 英特尔I3-10105F | J93: ='1三大件主板'!B37 -> 353 | K93: 1 | L93: =J93*K93 -> 353 | M93: 1年质保
A94: 散热器 | B94: ='2显示器机箱电源'!A54 -> 酷冷至尊 飞鹰/三平台 | C94: ='2显示器机箱电源'!B54 -> 17 | D94: 1 | E94: =D94*C94 -> 17 | F94: 3年质保 | H94: 散热器 | I94: 静音散热器 | J94: 17 | K94: 1 | L94: =J94*K94 -> 17 | M94: 3年质保
A95: 内存 | B95: ='1三大件主板'!D11 -> 金士顿16G DDR4 3200 | C95: ='1三大件主板'!E11 -> 139 | D95: 1 | E95: =D95*C95 -> 139 | F95: 3年质保 | H95: 内存 | I95: ='1三大件主板'!D8 -> 金士顿8G DDR4 3200 | J95: ='1三大件主板'!E8 -> 95 | K95: 1 | L95: =J95*K95 -> 95 | M95: 3年质保
A96: 固态硬盘 | B96: ='1三大件主板'!D54 -> 金士顿NV2 500G M.2 NVME * | C96: ='1三大件主板'!E54 -> 235 | D96: 1 | E96: =D96*C96 -> 235 | F96: 3年质保 | H96: 固态硬盘 | I96: ='1三大件主板'!D54 -> 金士顿NV2 500G M.2 NVME * | J96: ='1三大件主板'!E54 -> 235 | K96: 1 | L96: =J96*K96 -> 235 | M96: 3年质保
A97: 主板 | B97: ='1三大件主板'!G14 -> 技嘉H410M-H V2支持WIN7 | C97: ='1三大件主板'!H14 -> 410 | D97: 1 | E97: =D97*C97 -> 410 | F97: 3年质保 | H97: 主板 | I97: 微星H410M | J97: 415 | K97: 1 | L97: =J97*K97 -> 415 | M97: 3年质保
A98: 机箱 | B98: 航嘉机箱 | C98: 55 | D98: 1 | E98: =D98*C98 -> 55 | F98: 3年质保 | H98: 机箱 | I98: 航嘉机箱 | J98: 55 | K98: 1 | L98: =J98*K98 -> 55 | M98: 3年质保
A99: 电源 | B99: ='2显示器机箱电源'!A36 -> 航嘉GS400 300W-400W | C99: ='2显示器机箱电源'!B36 -> 128 | D99: 1 | E99: =D99*C99 -> 128 | F99: 3年质保 | H99: 电源 | I99: ='2显示器机箱电源'!A36 -> 航嘉GS400 300W-400W | J99: ='2显示器机箱电源'!B36 -> 128 | K99: 1 | L99: =J99*K99 -> 128 | M99: 3年质保
A100: 显卡 | B100: ='2显示器机箱电源'!G5 -> 七彩虹GTX1030 黄金版 4G | C100: ='2显示器机箱电源'!H5 -> 445 | D100: 1 | E100: =D100*C100 -> 445 | F100: 3年质保 | H100: 显卡 | I100: ='2显示器机箱电源'!G31 -> 技嘉GT710 2G (VGA+HDMI+DVI带风扇) | J100: ='2显示器机箱电源'!H31 -> 205 | K100: 1 | L100: =J100*K100 -> 205 | M100: 3年质保
A101: 其它 | B101: 电源线+鼠标垫 | E101: 6 | H101: 其它 | I101: 电源线+鼠标垫 | L101: 6
B102: 保修&人工服务费 | I102: 保修&人工服务费
A103: =TODAY() -> 45584 | B103: 合计 | E103: =SUM(E93:E102) -> 1990 | F103: 元 | H103: =TODAY() -> 45584 | I103: 合计 | L103: =SUM(L93:L102) -> 1509 | M103: 元
A104: 13代003号电脑主机 | H104: 13代004号电脑主机
A105: 产品类别 | B105: 型号 | C105: 单价 | D105: 数量 | E105: 总价 | F105: 保修时间 | H105: 产品类别 | I105: 型号 | J105: 单价 | K105: 数量 | L105: 总价 | M105: 保修时间
A106: CPU | B106: ='1三大件主板'!A14 -> 英特尔I5 13490F 国原盒装 | C106: ='1三大件主板'!B14 -> 1090 | D106: 1 | E106: =C106*D106 -> 1090 | F106: 3年质保 | H106: CPU | I106: ='1三大件主板'!A13 -> 英特尔I5 13400 | J106: ='1三大件主板'!B13 -> 1100 | K106: 1 | L106: =J106*K106 -> 1100 | M106: 3年质保
A107: 散热器 | B107: 四热管散热器 | C107: 60 | D107: 1 | E107: =C107*D107 -> 60 | F107: 3年质保 | H107: 散热器 | I107: 四热管散热器 | J107: 60 | K107: 1 | L107: =J107*K107 -> 60 | M107: 3年质保
...

Sheet 5整机成本表
A1: 本报价表为同行批发报价，零售一律加200-400保修&人工服务费
A2: 12代销量明星机型 | H2: 12代销量明星机型
A3: 产品类别 | B3: 型号 | C3: 单价 | D3: 数量 | E3: 总价 | F3: 保修时间 | H3: 产品类别 | I3: 型号 | J3: 单价 | K3: 数量 | L3: 总价 | M3: 保修时间
A4: CPU | B4: ='1三大件主板'!A28 -> 酷睿I7 12700KF | C4: ='1三大件主板'!B28 -> 1450 | D4: 1 | E4: =D4*C4 -> 1450 | F4: 3年质保 | H4: CPU | I4: ='1三大件主板'!A22 -> I5 12400 | J4: ='1三大件主板'!B22 -> 775 | K4: 1 | L4: =J4*K4 -> 775 | M4: 1年质保
A5: 散热器 | B5: ='2显示器机箱电源'!A58 -> 酷冷至尊 T620S 六热管 | C5: ='2显示器机箱电源'!B58 -> 160 | D5: 1 | E5: =D5*C5 -> 160 | F5: 3年质保 | H5: 散热器 | I5: =B5 -> 酷冷至尊 T620S 六热管 | J5: 60 | K5: 1 | L5: =J5*K5 -> 60 | M5: 3年质保
A6: 内存 | B6: ='1三大件主板'!D13 -> 金士顿16G DDR4 3600神条 | C6: ='1三大件主板'!E13 -> 205 | D6: 2 | E6: =D6*C6 -> 410 | F6: 3年质保 | H6: 内存 | I6: =B6 -> 金士顿16G DDR4 3600神条 | J6: =C6 -> 205 | K6: 1 | L6: =J6*K6 -> 205 | M6: 3年质保
A7: 固态硬盘 | B7: ='1三大件主板'!D33 -> 雷克沙 NQ790 1TB M.2 NVME(PCIe 4.0/7000M/S)电商专供 | C7: ='1三大件主板'!E33 -> 415 | D7: 1 | E7: =D7*C7 -> 415 | F7: 3年质保
A8: 主板 | B8: 微星MAG B760M MORTAR WIFIII DDR5 | C8: 1100 | D8: 1 | E8: =D8*C8 -> 1100 | F8: 3年质保 | H8: 主板 | I8: ='1三大件主板'!G21 -> 技嘉H610M H (HDMI+VGA) | J8: ='1三大件主板'!H21 -> 460 | K8: 1 | L8: =J8*K8 -> 460 | M8: 3年质保
A9: 机箱 | B9: 玩嘉侧透机箱 | C9: 135 | D9: 1 | E9: =D9*C9 -> 135 | F9: 3年质保 | H9: 机箱 | I9: USB2.0机箱 | J9: 55 | K9: 1 | L9: =J9*K9 -> 55 | M9: 3年质保 | O9: .
A10: 显卡 | B10: ='2显示器机箱电源'!G25 -> 影驰RTX4060大将 白色双风扇 现货 | C10: ='2显示器机箱电源'!H25 -> 0 | D10: 1 | E10: =D10*C10 -> 0 | F10: 3年质保
A11: 电源 | B11: ='2显示器机箱电源'!A30 -> 长城额定650W | C11: ='2显示器机箱电源'!B30 -> 280 | D11: 1 | E11: =D11*C11 -> 280 | F11: 3年质保 | H11: 电源 | I11: ='2显示器机箱电源'!A20 -> 长城ATX-3002 额定220W 宽辐 | J11: ='2显示器机箱电源'!B20 -> 80 | K11: 1 | L11: =J11*K11 -> 80 | M11: 3年质保
A12: 显示器 | B12: AOC Q27E12 2K 27寸 | C12: 810 | D12: 1 | E12: 810 | F12: 3年质保 | H12: 显示器 | I12: ='2显示器机箱电源'!D9 -> HKC S24M 23.8无边 VGA+HDMI | J12: ='2显示器机箱电源'!E9 -> 389 | K12: 1 | L12: =J12*K12 -> 389 | M12: 3年质保
A13: 键盘鼠标 | B13: 罗技MK120 | C13: 68 | D13: 1 | E13: 68 | F13: 1年质保
A14: 散热 | B14: 机箱风扇 | C14: 18 | D14: 1 | E14: 18 | F14: 1年质保
A18: =TODAY() -> 45584 | B18: 合计 | E18: =SUM(E4:E17) -> 4846 | F18: 元 | H18: =TODAY() -> 45584 | I18: 合计 | L18: =SUM(L4:L16) -> 2024 | M18: 元
A20: 10代销量明星机型 | H20: 10代销量明星机型
A21: 产品类别 | B21: 型号 | C21: 单价 | D21: 数量 | E21: 总价 | F21: 保修时间 | H21: 产品类别 | I21: 型号 | J21: 单价 | K21: 数量 | L21: 总价 | M21: 保修时间
A22: CPU | B22: ='1三大件主板'!A21 -> 酷睿12 I5 12400F | C22: ='1三大件主板'!B21 -> 625 | D22: 1 | E22: =D22*C22 -> 625 | F22: 3年质保 | H22: CPU | I22: ='1三大件主板'!A37 -> 英特尔I3-10105F | J22: ='1三大件主板'!B37 -> 353 | K22: 1 | L22: =J22*K22 -> 353 | M22: 1年质保
A23: 散热器 | B23: 4热管散热器 | C23: 55 | D23: 1 | E23: =D23*C23 -> 55 | F23: 3年质保 | H23: 散热器 | I23: 散热器 | J23: 17 | K23: 1 | L23: =J23*K23 -> 17 | M23: 3年质保
A24: 内存 | B24: 金士顿16G DDR4 | C24: ='1三大件主板'!E11 -> 139 | D24: 1 | E24: =D24*C24 -> 139 | F24: 3年质保 | H24: 内存 | I24: ='1三大件主板'!D17 -> 雷克沙-8G 3200 D4 台式机 | J24: ='1三大件主板'!E17 -> 90 | K24: 1 | L24: =J24*K24 -> 90 | M24: 3年质保
A25: 固态硬盘 | B25: ='1三大件主板'!D31 -> 0 | C25: ='1三大件主板'!E31 -> 0 | D25: 1 | E25: =D25*C25 -> 0 | F25: 3年质保 | H25: 固态硬盘 | I25: ='1三大件主板'!D39 -> 昂达 256G固态硬盘 | J25: ='1三大件主板'!E39 -> 100 | K25: 1 | L25: =J25*K25 -> 100 | M25: 3年质保
A26: 主板 | B26: ='1三大件主板'!G21 -> 技嘉H610M H (HDMI+VGA) | C26: ='1三大件主板'!H21 -> 460 | D26: 1 | E26: =D26*C26 -> 460 | F26: 3年质保 | H26: 主板 | I26: ='1三大件主板'!G53 -> 影驰H410M 能装WIN7 | J26: ='1三大件主板'!H53 -> 340 | K26: 1 | L26: =J26*K26 -> 340 | M26: 3年质保
A27: 机箱 | B27: 长城机箱 | C27: 63 | D27: 1 | E27: =D27*C27 -> 63 | F27: 3年质保 | H27: 机箱 | I27: USB2.0机箱 | J27: 55 | K27: 1 | L27: =J27*K27 -> 55 | M27: 3年质保
A28: 电源 | B28: 长城400SD | C28: 130 | D28: 1 | E28: =D28*C28 -> 130 | F28: 3年质保 | H28: 电源 | I28: ='2显示器机箱电源'!A20 -> 长城ATX-3002 额定220W 宽辐 | J28: ='2显示器机箱电源'!B20 -> 80 | K28: 1 | L28: =J28*K28 -> 80 | M28: 3年质保
A29: 显卡 | B29: ='2显示器机箱电源'!G5 -> 七彩虹GTX1030 黄金版 4G | C29: ='2显示器机箱电源'!H5 -> 445 | D29: 1 | E29: =D29*C29 -> 445 | F29: 3年质保 | H29: 显卡 | I29: =B29 -> 七彩虹GTX1030 黄金版 4G | J29: ='2显示器机箱电源'!H31 -> 205 | K29: 1 | L29: =J29*K29 -> 205 | M29: 3年质保
A30: 显示器 | B30: ='2显示器机箱电源'!D8 -> HKC V2411SE 23.8黑色无边框VGA | C30: ='2显示器机箱电源'!E8 -> 375 | D30: 1 | E30: =D30*C30 -> 375 | F30: 3年质保 | H30: 显示器 | I30: =B30 -> HKC V2411SE 23.8黑色无边框VGA | J30: =C30 -> 375 | K30: 1 | L30: =J30*K30 -> 375 | M30: 3年质保
A31: 键盘鼠标 | B31: MK100 | C31: 35 | D31: 1 | E31: 35 | F31: 1年质保 | H31: 键盘鼠标 | I31: MK100 | J31: 35 | K31: 1 | L31: 35
A32: 其它 | B32: 电源线+鼠标垫 | E32: 6 | H32: 其它 | I32: 电源线+鼠标垫 | L32: 6
B33: 保修&人工服务费 | E33: 200 | I33: 保修&人工服务费
A34: =TODAY() -> 45584 | B34: 合计 | E34: =SUM(E22:E33) -> 2533 | F34: 元 | H34: =TODAY() -> 45584 | I34: 合计 | L34: =SUM(L22:L33) -> 1656 | M34: 元
A36: 4代销量明星机型 | H36: 4代销量明星机型
A37: 产品类别 | B37: 型号 | C37: 单价 | D37: 数量 | E37: 总价 | F37: 保修时间 | H37: 产品类别 | I37: 型号 | J37: 单价 | K37: 数量 | L37: 总价 | M37: 保修时间
A38: CPU | B38: ='1三大件主板'!A71 -> INTEL I3-4170 3.7G 1150 | C38: ='1三大件主板'!B71 -> 26 | D38: 1 | E38: =D38*C38 -> 26 | F38: 1年拆机 | H38: CPU | I38: ='1三大件主板'!A72 -> INTEL I5 4590 3.3G | J38: ='1三大件主板'!B72 -> 118 | K38: 1 | L38: =J38*K38 -> 118 | M38: 1年拆机
A39: 散热器 | B39: 静音散热器 | C39: 17 | D39: 1 | E39: =D39*C39 -> 17 | F39: 3年质保 | H39: 散热器 | I39: =B39 -> 静音散热器 | J39: =C39 -> 17 | K39: 1 | L39: =J39*K39 -> 17 | M39: 3年质保
A40: 内存 | B40: ='1三大件主板'!D22 -> 昂达 8G DDR3 1600 | C40: ='1三大件主板'!E22 -> 38 | D40: 1 | E40: =D40*C40 -> 38 | F40: 3年质保 | H40: 内存 | I40: =B40 -> 昂达 8G DDR3 1600 | J40: =C40 -> 38 | K40: 1 | L40: =J40*K40 -> 38 | M40: 3年质保
A41: 固态硬盘 | B41: ='1三大件主板'!D34 -> 七彩虹SL300 128G | C41: ='1三大件主板'!E34 -> 78 | D41: 1 | E41: =D41*C41 -> 78 | F41: 3年质保 | H41: 固态硬盘 | I41: =B41 -> 七彩虹SL300 128G | J41: =C41 -> 78 | K41: 1 | L41: =J41*K41 -> 78 | M41: 3年质保
A42: 主板 | B42: ='1三大件主板'!G48 -> 升技H81M | C42: ='1三大件主板'!H48 -> 225 | D42: 1 | E42: =D42*C42 -> 225 | F42: 3年质保 | H42: 主板 | I42: =B42 -> 升技H81M | J42: =C42 -> 225 | K42: 1 | L42: =J42*K42 -> 225 | M42: 3年质保
A43: 机箱 | B43: USB2.0机箱 | C43: 55 | D43: 1 | E43: =D43*C43 -> 55 | F43: 3年质保 | H43: 机箱 | I43: =B43 -> USB2.0机箱 | J43: =C43 -> 55 | K43: 1 | L43: =J43*K43 -> 55 | M43: 3年质保
A44: 电源 | B44: ='2显示器机箱电源'!A20 -> 长城ATX-3002 额定220W 宽辐 | C44: ='2显示器机箱电源'!B20 -> 80 | D44: 1 | E44: =D44*C44 -> 80 | F44: 3年质保 | H44: 电源 | I44: =B44 -> 长城ATX-3002 额定220W 宽辐 | J44: =C44 -> 80 | K44: 1 | L44: =J44*K44 -> 80 | M44: 3年质保
A45: 显示器 | B45: ='2显示器机箱电源'!D7 -> HKC V2210 21.5 | C45: ='2显示器机箱电源'!E7 -> 320 | D45: 1 | E45: =D45*C45 -> 320 | F45: 3年质保 | H45: =A45 -> 显示器 | I45: =B45 -> HKC V2210 21.5 | J45: =C45 -> 320 | K45: =D45 -> 1 | L45: =E45 -> 320 | M45: =F45 -> 3年质保
A46: 键盘鼠标 | B46: MK100 | C46: 35 | D46: 1 | E46: 35 | F46: 1年质保 | H46: =A46 -> 键盘鼠标 | I46: =B46 -> MK100 | J46: =C46 -> 35 | K46: =D46 -> 1 | L46: =E46 -> 35 | M46: =F46 -> 1年质保
A47: 其它 | B47: 电源线+鼠标垫 | E47: 6 | H47: 其它 | I47: 电源线+鼠标垫 | L47: 6
B48: 保修&人工服务费 | I48: 保修&人工服务费
A49: =TODAY() -> 45584 | B49: 合计 | E49: =SUM(E38:E48) -> 880 | F49: 元 | H49: =TODAY() -> 45584 | I49: 合计 | L49: =SUM(L38:L48) -> 972 | M49: 元
A51: 13代001号电脑主机 | H51: 13代002号电脑主机
A52: 产品类别 | B52: 型号 | C52: 单价 | D52: 数量 | E52: 总价 | F52: 保修时间 | H52: 产品类别 | I52: 型号 | J52: 单价 | K52: 数量 | L52: 总价 | M52: 保修时间
A53: CPU | B53: ='1三大件主板'!A13 -> 英特尔I5 13400 | C53: ='1三大件主板'!B13 -> 1100 | D53: 1 | E53: =C53*D53 -> 1100 | F53: 3年拆机 | H53: CPU | I53: ='1三大件主板'!A13 -> 英特尔I5 13400 | J53: ='1三大件主板'!B13 -> 1100 | K53: 1 | L53: =J53*K53 -> 1100 | M53: 1年质保
A54: 散热器 | B54: 风力一号四热管散热器 | C54: 60 | D54: 1 | E54: =C54*D54 -> 60 | F54: 3年质保 | H54: 散热器 | I54: 风力一号四热管散热器 | J54: 60 | K54: 1 | L54: =J54*K54 -> 60 | M54: 3年质保
A55: 内存 | B55: ='1三大件主板'!D13 -> 金士顿16G DDR4 3600神条 | C55: ='1三大件主板'!E13 -> 205 | D55: 1 | E55: =C55*D55 -> 205 | F55: 3年质保 | H55: 内存 | I55: ='1三大件主板'!D13 -> 金士顿16G DDR4 3600神条 | J55: ='1三大件主板'!E13 -> 205 | K55: 1 | L55: =J55*K55 -> 205 | M55: 3年质保
A56: 固态硬盘 | B56: ='1三大件主板'!D45 -> 三星980 500G M.2 NVME | C56: ='1三大件主板'!E45 -> 390 | D56: 1 | E56: =C56*D56 -> 390 | F56: 3年质保 | H56: 固态硬盘 | I56: ='1三大件主板'!D54 -> 金士顿NV2 500G M.2 NVME * | J56: ='1三大件主板'!E54 -> 235 | K56: 1 | L56: =J56*K56 -> 235 | M56: 3年质保
A57: 主板 | B57: ='1三大件主板'!G16 -> 技嘉B760M-D2H DDR4 | C57: ='1三大件主板'!H16 -> 610 | D57: 1 | E57: =C57*D57 -> 610 | F57: 3年质保 | H57: 主板 | I57: ='1三大件主板'!G16 -> 技嘉B760M-D2H DDR4 | J57: ='1三大件主板'!H16 -> 610 | K57: 1 | L57: =J57*K57 -> 610 | M57: 3年质保
A58: 机箱 | B58: 先马工匠5机箱 | C58: 98 | D58: 1 | E58: =C58*D58 -> 98 | F58: 3年质保 | H58: 机箱 | I58: USB2.0机箱 | J58: 55 | K58: 1 | L58: =J58*K58 -> 55 | M58: 3年质保
A59: 电源 | B59: ='2显示器机箱电源'!A37 -> 航嘉GS500 400W-500W | C59: ='2显示器机箱电源'!B37 -> 170 | D59: 1 | E59: =C59*D59 -> 170 | F59: 3年质保 | H59: 电源 | I59: ='2显示器机箱电源'!A25 -> 长城400SD静音大师300W-400W | J59: ='2显示器机箱电源'!B25 -> 125 | K59: 1 | L59: =J59*K59 -> 125 | M59: 3年质保
A60: 显卡 | B60: ='2显示器机箱电源'!G20 -> 影驰GTX1630 4G 现货 | C60: ='2显示器机箱电源'!H20 -> 0 | D60: 1 | E60: =C60*D60 -> 0 | F60: 3年质保 | H60: 显卡 | I60: 高性能集成显卡
A61: 其它 | B61: 电源线+鼠标垫 | E61: 6 | H61: 其它 | I61: 电源线+鼠标垫 | L61: 6
B62: 保修&人工服务费 | I62: 保修&人工服务费
A63: =TODAY() -> 45584 | B63: 合计 | E63: =SUM(E53:E62) -> 2639 | F63: 元 | H63: =TODAY() -> 45584 | I63: 合计 | L63: =SUM(L53:L62) -> 2396 | M63: 元
A65: 8代销量明星机型 | H65: 8代销量明星机型
A66: 产品类别 | B66: 型号 | C66: 单价 | D66: 数量 | E66: 总价 | F66: 保修时间 | H66: 产品类别 | I66: 型号 | J66: 单价 | K66: 数量 | L66: 总价 | M66: 保修时间
A67: CPU | B67: ='1三大件主板'!A64 -> 英特尔 I3 8100T | C67: ='1三大件主板'!B64 -> 145 | D67: 1 | E67: =D67*C67 -> 145 | F67: 1年质保 | H67: CPU | I67: ='1三大件主板'!A66 -> 英特尔 I5 8500 | J67: ='1三大件主板'!B66 -> 299 | K67: 1 | L67: =J67*K67 -> 299 | M67: 1年质保
A68: 散热器 | B68: 静音散热器 | C68: 17 | D68: 1 | E68: =D68*C68 -> 17 | F68: 3年质保 | H68: 散热器 | I68: =B68 -> 静音散热器 | J68: =C68 -> 17 | K68: 1 | L68: =J68*K68 -> 17 | M68: 3年质保
A69: 内存 | B69: ='1三大件主板'!D8 -> 金士顿8G DDR4 3200 | C69: ='1三大件主板'!E8 -> 95 | D69: 1 | E69: =D69*C69 -> 95 | F69: 3年质保 | H69: 内存 | I69: =B69 -> 金士顿8G DDR4 3200 | J69: =C69 -> 95 | K69: 1 | L69: =J69*K69 -> 95 | M69: 3年质保
A70: 固态硬盘 | B70: ='1三大件主板'!D57 -> 金百达KP230 256G NVME | C70: ='1三大件主板'!E57 -> 150 | D70: 1 | E70: =D70*C70 -> 150 | F70: 3年质保 | H70: 固态硬盘 | I70: =B70 -> 金百达KP230 256G NVME | J70: =C70 -> 150 | K70: 1 | L70: =J70*K70 -> 150 | M70: 3年质保
A71: 主板 | B71: ='1三大件主板'!G25 -> 微星 B365M WIND（HDMI） | C71: ='1三大件主板'!H25 -> 345 | D71: 1 | E71: =D71*C71 -> 345 | F71: 3年质保 | H71: 主板 | I71: =B71 -> 微星 B365M WIND（HDMI） | J71: =C71 -> 345 | K71: 1 | L71: =J71*K71 -> 345 | M71: 3年质保
A72: 机箱 | B72: USB2.0机箱 | C72: 55 | D72: 1 | E72: =D72*C72 -> 55 | F72: 3年质保 | H72: 机箱 | I72: =B72 -> USB2.0机箱 | J72: =C72 -> 55 | K72: 1 | L72: =J72*K72 -> 55 | M72: 3年质保
A73: 电源 | B73: ='2显示器机箱电源'!A20 -> 长城ATX-3002 额定220W 宽辐 | C73: ='2显示器机箱电源'!B20 -> 80 | D73: 1 | E73: =D73*C73 -> 80 | F73: 3年质保 | H73: 电源 | I73: =B73 -> 长城ATX-3002 额定220W 宽辐 | J73: =C73 -> 80 | K73: 1 | L73: =J73*K73 -> 80 | M73: 3年质保
A74: 显卡 | F74: 3年质保 | H74: 显卡 | K74: 1 | L74: =J74*K74 -> 0 | M74: 3年质保
A75: 其它 | B75: 电源线+鼠标垫 | E75: 6 | H75: 其它 | I75: 电源线+鼠标垫 | L75: 6
B76: 保修&人工服务费 | I76: 保修&人工服务费
A77: =TODAY() -> 45584 | B77: 合计 | E77: =SUM(E67:E76) -> 893 | F77: 元 | H77: =TODAY() -> 45584 | I77: 合计 | L77: =SUM(L67:L76) -> 1047 | M77: 元
A79: 13代003号电脑主机 | H79: 13代004号电脑主机
A80: 产品类别 | B80: 型号 | C80: 单价 | D80: 数量 | E80: 总价 | F80: 保修时间 | H80: 产品类别 | I80: 型号 | J80: 单价 | K80: 数量 | L80: 总价 | M80: 保修时间
A81: CPU | B81: ='1三大件主板'!A17 -> 英特尔I7 13700KF | C81: ='1三大件主板'!B17 -> 1990 | D81: 1 | E81: =C81*D81 -> 1990 | F81: 3年质保 | H81: CPU | I81: ='1三大件主板'!A13 -> 英特尔I5 13400 | J81: ='1三大件主板'!B13 -> 1100 | K81: 1 | L81: =J81*K81 -> 1100 | M81: 3年质保
A82: 散热器 | B82: TS620 | C82: 160 | D82: 1 | E82: =C82*D82 -> 160 | F82: 3年质保 | H82: 散热器 | I82: 风力一号四热管散热器 | J82: 60 | K82: 1 | L82: =J82*K82 -> 60 | M82: 3年质保
A83: 内存 | B83: ='1三大件主板'!D20 -> 雷克沙-雷神铠16G 6000 D5 | C83: ='1三大件主板'!E20 -> 320 | D83: 2 | E83: =C83*D83 -> 640 | F83: 3年质保 | H83: 内存 | I83: ='1三大件主板'!D7 -> 金士顿8G DDR4 2666 | J83: ='1三大件主板'!E7 -> 88 | K83: 1 | L83: =J83*K83 -> 88 | M83: 3年质保
A84: 固态硬盘 | B84: ='1三大件主板'!D33 -> 雷克沙 NQ790 1TB M.2 NVME(PCIe 4.0/7000M/S)电商专供 | C84: ='1三大件主板'!E33 -> 415 | D84: 1 | E84: =C84*D84 -> 415 | F84: 3年质保 | H84: 固态硬盘 | I84: ='1三大件主板'!D54 -> 金士顿NV2 500G M.2 NVME * | J84: ='1三大件主板'!E54 -> 235 | K84: 1 | L84: =J84*K84 -> 235 | M84: 3年质保
A85: 主板 | B85: 微星PRO Z790-S WIFI DDR5 | C85: 1220 | D85: 1 | E85: =C85*D85 -> 1220 | F85: 3年质保 | H85: 主板 | I85: ='1三大件主板'!G16 -> 技嘉B760M-D2H DDR4 | J85: ='1三大件主板'!H16 -> 610 | K85: 1 | L85: =J85*K85 -> 610 | M85: 3年质保
A86: 机箱 | B86: 先马剑魔 侧透大机箱 | C86: 135 | D86: 1 | E86: =C86*D86 -> 135 | F86: 3年质保 | H86: 机箱 | I86: USB2.0机箱 | J86: 55 | K86: 1 | L86: =J86*K86 -> 55 | M86: 3年质保
A87: 电源 | B87: 长城额定750W | C87: ='2显示器机箱电源'!B30 -> 280 | D87: 1 | E87: =C87*D87 -> 280 | F87: 3年质保 | H87: 电源 | I87: ='2显示器机箱电源'!A36 -> 航嘉GS400 300W-400W | J87: ='2显示器机箱电源'!B36 -> 128 | K87: 1 | L87: =J87*K87 -> 128 | M87: 3年质保
A88: 显卡 | B88: 七彩虹RTX4070SUPER显卡/12G(战斧豪华版) | C88: 4650 | D88: 1 | E88: =C88*D88 -> 4650 | F88: 3年质保 | H88: 显卡 | I88: 高性能集成显卡
A89: 显示器 | B89: AOC 2K 180 27 | C89: 1520 | D89: 1 | E89: =C89*D89 -> 1520 | F89: 3年质保
A90: 键盘鼠标 | B90: 机械套装 | C90: 150 | D90: 1 | E90: =C90*D90 -> 150
A91: 其它 | B91: 电源线+鼠标垫 | E91: 6 | H91: 其它 | I91: 电源线+鼠标垫 | L91: 6
B92: 保修&人工服务费 | E92: 200 | I92: 保修&人工服务费
A93: =TODAY() -> 45584 | B93: 合计 | E93: =SUM(E81:E92) -> 11366 | F93: 元 | H93: =TODAY() -> 45584 | I93: 合计 | L93: =SUM(L81:L92) -> 2282 | M93: 元
A95: 12代001号电脑主机 热销主流家用办公电脑 | H95: 12代002号电脑主机 主流游戏视频处理电脑
A96: 产品类别 | B96: 型号 | C96: 单价 | D96: 数量 | E96: 总价 | F96: 保修时间 | H96: 产品类别 | I96: 型号 | J96: 单价 | K96: 数量 | L96: 总价 | M96: 保修时间
A97: CPU | B97: ='1三大件主板'!A19 -> 酷睿I3 12100 | C97: ='1三大件主板'!B19 -> 623 | D97: 1 | E97: =C97*D97 -> 623 | F97: 3年拆机 | H97: CPU | I97: ='1三大件主板'!A24 -> I5-12490F 国原盒装 | J97: ='1三大件主板'!B24 -> 680 | K97: 1 | L97: =J97*K97 -> 680 | M97: 3年质保
A98: 散热器 | B98: ='2显示器机箱电源'!A54 -> 酷冷至尊 飞鹰/三平台 | C98: ='2显示器机箱电源'!B54 -> 17 | D98: 1 | E98: =C98*D98 -> 17 | F98: 3年质保 | H98: 散热器 | I98: 风力一号四热管散热器 | J98: 60 | K98: 1 | L98: =J98*K98 -> 60 | M98: 3年质保
A99: 内存 | B99: ='1三大件主板'!D11 -> 金士顿16G DDR4 3200 | C99: ='1三大件主板'!E11 -> 139 | D99: 1 | E99: =C99*D99 -> 139 | F99: 3年质保 | H99: 内存 | I99: ='1三大件主板'!D8 -> 金士顿8G DDR4 3200 | J99: ='1三大件主板'!E8 -> 95 | K99: 2 | L99: =J99*K99 -> 190 | M99: 3年质保
A100: 固态硬盘 | B100: ='1三大件主板'!D54 -> 金士顿NV2 500G M.2 NVME * | C100: ='1三大件主板'!E54 -> 235 | D100: 1 | E100: =C100*D100 -> 235 | F100: 3年质保 | H100: 固态硬盘 | I100: ='1三大件主板'!D54 -> 金士顿NV2 500G M.2 NVME * | J100: ='1三大件主板'!E54 -> 235 | K100: 1 | L100: =J100*K100 -> 235 | M100: 3年质保
A101: 主板 | B101: ='1三大件主板'!G21 -> 技嘉H610M H (HDMI+VGA) | C101: ='1三大件主板'!H21 -> 460 | D101: 1 | E101: =C101*D101 -> 460 | F101: 3年质保 | H101: 主板 | I101: ='1三大件主板'!G16 -> 技嘉B760M-D2H DDR4 | J101: ='1三大件主板'!H16 -> 610 | K101: 1 | L101: =J101*K101 -> 610 | M101: 3年质保
A102: 机箱 | B102: USB2.0机箱 | C102: 50 | D102: 1 | E102: =C102*D102 -> 50 | F102: 3年质保 | H102: 机箱 | I102: 先马剑魔III 侧透大机箱 | J102: 135 | K102: 1 | L102: =J102*K102 -> 135 | M102: 3年质保
A103: 电源 | B103: ='2显示器机箱电源'!A22 -> 长城ATX-3002 额定220W 宽辐 | C103: ='2显示器机箱电源'!B22 -> 80 | D103: 1 | E103: =C103*D103 -> 80 | F103: 3年质保 | H103: 电源 | I103: ='2显示器机箱电源'!A30 -> 长城额定650W | J103: ='2显示器机箱电源'!B30 -> 280 | K103: 1 | L103: =J103*K103 -> 280 | M103: 3年质保
B104: ='2显示器机箱电源'!D8 -> HKC V2411SE 23.8黑色无边框VGA | C104: ='2显示器机箱电源'!E8 -> 375 | D104: 1 | E104: =C104*D104 -> 375 | H104: 显卡 | I104: ='2显示器机箱电源'!G24 -> 影驰RTX3060 12G骁将 | J104: ='2显示器机箱电源'!H24 -> 0 | K104: 1 | L104: =J104*K104 -> 0
H105: 其它 | I105: 电源线+鼠标垫 | L105: 6
I106: 保修&人工服务费
A107: =TODAY() -> 45584 | B107: 合计 | E107: =SUM(E97:E106) -> 1979 | F107: 元 | H107: =TODAY() -> 45584 | I107: 合计 | L107: =SUM(L97:L106) -> 2196 | M107: 元
A109: 12代003号电脑主机 | H109: 12代004号电脑主机 高档英雄联盟主机
A110: 产品类别 | B110: 型号 | C110: 单价 | D110: 数量 | E110: 总价 | F110: 保修时间 | H110: 产品类别 | I110: 型号 | J110: 单价 | K110: 数量 | L110: 总价 | M110: 保修时间
...
